Workbook

Sheet DADOS
A1: Prefeitura Municipal de Jaraguá do Sul - SC
A2: SAMAE - Serviço Autônomo Municipal de Água e Esgoto
A3: Data do documento: | C3: 16/09/2024
A4: Licitação número:
A5: Lote:
A6: Dados da licitante
A7: Razão social
A8: CNPJ:
A9: Telefone:
A10: E-Mail:
A11: Nome responsável:
A12: CPF responsável:
A13: Cidade licitante:
A14: UF licitante:

Sheet Orçamento
A1: Prefeitura Municipal de Jaraguá do Sul - SC
A2: Orcamento de obra - REDE COLETORA DE ESGOTO - BAIRRO TRÊS RIOS DO NORTE
A3: Data: | B3: =DADOS!C3 -> 16/09/2024
A4: Empresa: | B4: =DADOS!C7 -> 0 | G4: Telefone: | H4: =DADOS!C9
A5: CNPJ: | B5: =DADOS!C8 | D5: Cidade: | E5: =DADOS!C13 -> 0 | H5: UF: | I5: =DADOS!C14 -> 0
A7: Item | B7: Descrição dos itens | C7: U.M. | D7: Qtde. | E7: Custo base R$ | F7: %BDI/K/TRDE Base | G7: Preço base R$ | H7: Custo Un. R$ | I7: %BDI/K/TRDE | J7: Preço Un. R$ | K7: Total R$
A8: 1 | B8: CANTEIRO DE OBRAS | K8: =SUM(K9:K18) -> 0 | L8: Etapa
A9: 1.1 | B9: EXECUÇÃO DE ESCRITÓRIO EM CANTEIRO DE OBRA EM CHAPA DE MADEIRA COMPENSADA, NÃO INCLUSO MOBILIÁRIO E EQUIPAMENTOS. AF_02/2016 | C9: M2 | D9: 30 | E9: 1494.97 | F9: 23.52 | G9: 1846.59 | I9: =ROUND('BDI Principal'!D14,2) -> 23.52 | J9: =ROUND((ROUND(H9,2)*I9/100)+ROUND(H9,2),2) -> 0 | K9: =ROUND(D9*J9,2) -> 0 | L9: Item
A10: 1.2 | B10: EXECUÇÃO DE ALMOXARIFADO EM CANTEIRO DE OBRA EM CHAPA DE MADEIRA COMPENSADA, INCLUSO PRATELEIRAS. AF_02/2016 | C10: M2 | D10: 50 | E10: 1365.89 | F10: 23.52 | G10: 1687.15 | I10: =ROUND('BDI Principal'!D14,2) -> 23.52 | J10: =ROUND((ROUND(H10,2)*I10/100)+ROUND(H10,2),2) -> 0 | K10: =ROUND(D10*J10,2) -> 0 | L10: Item
A11: 1.3 | B11: EXECUÇÃO DE REFEITÓRIO EM CANTEIRO DE OBRA EM CHAPA DE MADEIRA COMPENSADA, NÃO INCLUSO MOBILIÁRIO E EQUIPAMENTOS. AF_02/2016 | C11: M2 | D11: 36 | E11: 770.94 | F11: 23.52 | G11: 952.27 | I11: =ROUND('BDI Principal'!D14,2) -> 23.52 | J11: =ROUND((ROUND(H11,2)*I11/100)+ROUND(H11,2),2) -> 0 | K11: =ROUND(D11*J11,2) -> 0 | L11: Item
A12: 1.4 | B12: ALOJAMENTO | C12: M² | D12: 150 | E12: 340.61 | F12: 23.52 | G12: 420.72 | I12: =ROUND('BDI Principal'!D14,2) -> 23.52 | J12: =ROUND((ROUND(H12,2)*I12/100)+ROUND(H12,2),2) -> 0 | K12: =ROUND(D12*J12,2) -> 0 | L12: Item
A13: 1.5 | B13: EXECUÇÃO DE SANITÁRIO E VESTIÁRIO EM CANTEIRO DE OBRA EM CHAPA DE MADEIRA COMPENSADA, NÃO INCLUSO MOBILIÁRIO. AF_02/2016 | C13: M2 | D13: 9 | E13: 1319.44 | F13: 23.52 | G13: 1629.77 | I13: =ROUND('BDI Principal'!D14,2) -> 23.52 | J13: =ROUND((ROUND(H13,2)*I13/100)+ROUND(H13,2),2) -> 0 | K13: =ROUND(D13*J13,2) -> 0 | L13: Item
A14: 1.6 | B14: PLACA DE OBRA (PARA CONSTRUCAO CIVIL) EM CHAPA GALVANIZADA *N. 22*, ADESIVADA, DE *2,4 X 1,2* M (SEM POSTES PARA FIXACAO) | C14: M2 | D14: 4 | E14: 250 | F14: 23.52 | G14: 308.8 | I14: =ROUND('BDI Principal'!D14,2) -> 23.52 | J14: =ROUND((ROUND(H14,2)*I14/100)+ROUND(H14,2),2) -> 0 | K14: =ROUND(D14*J14,2) -> 0 | L14: Item
A15: 1.7 | B15: TAPUME COM COMPENSADO DE MADEIRA. AF_05/2018 | C15: M2 | D15: 120 | E15: 101.03 | F15: 23.52 | G15: 124.79 | I15: =ROUND('BDI Principal'!D14,2) -> 23.52 | J15: =ROUND((ROUND(H15,2)*I15/100)+ROUND(H15,2),2) -> 0 | K15: =ROUND(D15*J15,2) -> 0 | L15: Item
A16: 1.8 | B16: INSTALAÇÃO/LIGAÇÃO PROVISÓRIA ELÉTRICA BAIXA TENSÃO PARA CANTEIRO DE OBRA, AÉREA TRIFÁSICA, COM CAIXA DE SOBREPOR, CABO DE 16 MM² E DISJUNTOS 50A, INCLUSIVE POSTE | C16: UN | D16: 1 | E16: 2982.28 | F16: 23.52 | G16: 3683.71 | I16: =ROUND('BDI Principal'!D14,2) -> 23.52 | J16: =ROUND((ROUND(H16,2)*I16/100)+ROUND(H16,2),2) -> 0 | K16: =ROUND(D16*J16,2) -> 0 | L16: Item
A17: 1.9 | B17: INSTALAÇÃO/LIGAÇÃO PROVISÓRIA DE ÁGUA FRIA E SANITÁRIA | C17: UN | D17: 1 | E17: 1735.17 | F17: 23.52 | G17: 2143.28 | I17: =ROUND('BDI Principal'!D14,2) -> 23.52 | J17: =ROUND((ROUND(H17,2)*I17/100)+ROUND(H17,2),2) -> 0 | K17: =ROUND(D17*J17,2) -> 0 | L17: Item
A18: 1.10 | B18: LOCAÇÃO DE BANHEIRO QUIMICO, INCLUSO 2 LIMPEZAS SEMANAIS, ENTREGA E RETIRADA. | C18: MÊS | D18: 48 | E18: 1760 | F18: 23.52 | G18: 2173.95 | I18: =ROUND('BDI Principal'!D14,2) -> 23.52 | J18: =ROUND((ROUND(H18,2)*I18/100)+ROUND(H18,2),2) -> 0 | K18: =ROUND(D18*J18,2) -> 0 | L18: Item
A19: 2 | B19: ADMINISTRAÇÃO LOCAL | K19: =SUM(K20:K23) -> 0 | L19: Etapa
A20: 2.1 | B20: ENGENHEIRO CIVIL DE OBRA JUNIOR COM ENCARGOS COMPLEMENTARES | C20: MES | D20: 24 | E20: 20581.63 | F20: 23.52 | G20: 25422.43 | I20: =ROUND('BDI Principal'!D14,2) -> 23.52 | J20: =ROUND((ROUND(H20,2)*I20/100)+ROUND(H20,2),2) -> 0 | K20: =ROUND(D20*J20,2) -> 0 | L20: Item
A21: 2.2 | B21: ENCARREGADO GERAL DE OBRAS COM ENCARGOS COMPLEMENTARES | C21: MES | D21: 24 | E21: 6785.48 | F21: 23.52 | G21: 8381.42 | I21: =ROUND('BDI Principal'!D14,2) -> 23.52 | J21: =ROUND((ROUND(H21,2)*I21/100)+ROUND(H21,2),2) -> 0 | K21: =ROUND(D21*J21,2) -> 0 | L21: Item
A22: 2.3 | B22: ALMOXARIFE COM ENCARGOS COMPLEMENTARES | C22: MES | D22: 24 | E22: 5246.56 | F22: 23.52 | G22: 6480.55 | I22: =ROUND('BDI Principal'!D14,2) -> 23.52 | J22: =ROUND((ROUND(H22,2)*I22/100)+ROUND(H22,2),2) -> 0 | K22: =ROUND(D22*J22,2) -> 0 | L22: Item
A23: 2.4 | B23: TÉCNICO EM SEGURANÇA DO TRABALHO COM ENCARGOS COMPLEMENTARES | C23: MES | D23: 24 | E23: 7080.59 | F23: 23.52 | G23: 8745.94 | I23: =ROUND('BDI Principal'!D14,2) -> 23.52 | J23: =ROUND((ROUND(H23,2)*I23/100)+ROUND(H23,2),2) -> 0 | K23: =ROUND(D23*J23,2) -> 0 | L23: Item
A24: 3 | B24: DETALHAMENTO PROJETO EXECUTIVO E PLANO DE TRABALHO | K24: =SUM(K25:K25) -> 0 | L24: Etapa
A25: 3.1 | B25: DETALHAMENTO DO PROJETO EXECUTIVO DA REDE COLETORA DE ESGOTO, REDES AUXILIARES, REDE DE RECALQUE, DETALHAMENTOS EXECUTIVOS DOS POÇOS DE VISITA, TAMPAS, POÇOS DE RECALQUE, E DEMAIS ELEMENTOS CONSTRUTIVOS | C25: M | D25: 33118.17 | E25: 1.19 | F25: 23.52 | G25: 1.47 | I25: =ROUND('BDI Principal'!D14,2) -> 23.52 | J25: =ROUND((ROUND(H25,2)*I25/100)+ROUND(H25,2),2) -> 0 | K25: =ROUND(D25*J25,2) -> 0 | L25: Item
A26: 4 | B26: LIMPEZA, CONSERVAÇÃO, SINALIZAÇÃO E TESTE GERAL DE ESTANQUEIDADE | K26: =SUM(K27:K29) -> 0 | L26: Etapa
A27: 4.1 | B27: LIMPEZA E CONSERVAÇÃO DA VIA AO LONGO DA REALIZAÇÃO DA OBRA - UTILIZAÇÃO DE CAMINHÃO PIPA E MINICARREGADEIRA COM VASSOURA ACOPLADA | C27: M | D27: 33118.17 | E27: 5.09 | F27: 23.52 | G27: 6.29 | I27: =ROUND('BDI Principal'!D14,2) -> 23.52 | J27: =ROUND((ROUND(H27,2)*I27/100)+ROUND(H27,2),2) -> 0 | K27: =ROUND(D27*J27,2) -> 0 | L27: Item
A28: 4.2 | B28: LIMPEZA DE VALA COM CAMINHÃO HIDROVÁCUO | C28: M | D28: 2000 | E28: 17.62 | F28: 23.52 | G28: 21.76 | I28: =ROUND('BDI Principal'!D14,2) -> 23.52 | J28: =ROUND((ROUND(H28,2)*I28/100)+ROUND(H28,2),2) -> 0 | K28: =ROUND(D28*J28,2) -> 0 | L28: Item
A29: 4.3 | B29: TESTE DE ESTANQUEIDADE DA TOTALIDADE DA REDE APÓS FINALIZAÇÃO DA OBRA | C29: UN | D29: 1 | E29: 39069.6 | F29: 23.52 | G29: 48258.77 | I29: =ROUND('BDI Principal'!D14,2) -> 23.52 | J29: =ROUND((ROUND(H29,2)*I29/100)+ROUND(H29,2),2) -> 0 | K29: =ROUND(D29*J29,2) -> 0 | L29: Item
A30: 5 | B30: OBRAS CIVIL | K30: =K31+K110 -> 0 | L30: Etapa
A31: 5.1 | B31: REDE COLETORA | K31: =K32+K35+K41+K55+K58+K66+K69+K75+K96+K102+K105 -> 0 | L31: Etapa
A32: 5.1.1 | B32: LOCAÇÃO E CADASTRO | K32: =SUM(K33:K34) -> 0 | L32: Etapa
A33: 5.1.1.1 | B33: CADASTRO DE REDE DE ESGOTO/EMISSÁRIO/DRENAGEM | C33: M | D33: 33118.17 | E33: 1.93 | F33: 23.52 | G33: 2.38 | I33: =ROUND('BDI Principal'!D14,2) -> 23.52 | J33: =ROUND((ROUND(H33,2)*I33/100)+ROUND(H33,2),2) -> 0 | K33: =ROUND(D33*J33,2) -> 0 | L33: Item
A34: 5.1.1.2 | B34: LOCAÇÃO DE REDE DE ÁGUA OU ESGOTO. AF_10/2018 | C34: M | D34: 33118.17 | E34: 11.71 | F34: 23.52 | G34: 14.46 | I34: =ROUND('BDI Principal'!D14,2) -> 23.52 | J34: =ROUND((ROUND(H34,2)*I34/100)+ROUND(H34,2),2) -> 0 | K34: =ROUND(D34*J34,2) -> 0 | L34: Item
A35: 5.1.2 | B35: TRÂNSITO E SEGURANÇA | K35: =SUM(K36:K40) -> 0 | L35: Etapa
A36: 5.1.2.1 | B36: SINALIZAÇÃO DE TRÂNSITO NOTURNA | C36: M | D36: 2180 | E36: 3.71 | F36: 23.52 | G36: 4.58 | I36: =ROUND('BDI Principal'!D14,2) -> 23.52 | J36: =ROUND((ROUND(H36,2)*I36/100)+ROUND(H36,2),2) -> 0 | K36: =ROUND(D36*J36,2) -> 0 | L36: Item
A37: 5.1.2.2 | B37: CERCA COM TELA TAPUME | C37: M | D37: 2180 | E37: 0.69 | F37: 23.52 | G37: 0.85 | I37: =ROUND('BDI Principal'!D14,2) -> 23.52 | J37: =ROUND((ROUND(H37,2)*I37/100)+ROUND(H37,2),2) -> 0 | K37: =ROUND(D37*J37,2) -> 0 | L37: Item
A38: 5.1.2.3 | B38: SINALIZAÇÃO DE TRÂNSITO, COM PLACAS | C38: M² | D38: 217 | E38: 13.11 | F38: 23.52 | G38: 16.19 | I38: =ROUND('BDI Principal'!D14,2) -> 23.52 | J38: =ROUND((ROUND(H38,2)*I38/100)+ROUND(H38,2),2) -> 0 | K38: =ROUND(D38*J38,2) -> 0 | L38: Item
A39: 5.1.2.4 | B39: PASSADIÇOS COM CHAPAS DE AÇO | C39: M² | D39: 45 | E39: 19.1 | F39: 23.52 | G39: 23.59 | I39: =ROUND('BDI Principal'!D14,2) -> 23.52 | J39: =ROUND((ROUND(H39,2)*I39/100)+ROUND(H39,2),2) -> 0 | K39: =ROUND(D39*J39,2) -> 0 | L39: Item
A40: 5.1.2.5 | B40: FITA ADESIVA ANTICORROSIVA DE PVC FLEXIVEL, COR PRETA, PARA PROTECAO TUBULACAO, 50 MM X 30 M (L X C), E= *0,25* MM | C40: M | D40: 5499.8 | E40: 8.67 | F40: 23.52 | G40: 10.71 | I40: =ROUND('BDI Principal'!D14,2) -> 23.52 | J40: =ROUND((ROUND(H40,2)*I40/100)+ROUND(H40,2),2) -> 0 | K40: =ROUND(D40*J40,2) -> 0 | L40: Item
A41: 5.1.3 | B41: MOVIMENTO DE TERRA | K41: =SUM(K42:K54) -> 0 | L41: Etapa
A42: 5.1.3.1 | B42: ESCAVAÇÃO MECANIZADA DE VALAS, POÇOS E CAVAS EM SOLO NÃO ROCHOSO, COM PROFUND. DE 0,00 A 4,00 M | C42: M³ | D42: 31703.26 | E42: 12.8 | F42: 23.52 | G42: 15.81 | I42: =ROUND('BDI Principal'!D14,2) -> 23.52 | J42: =ROUND((ROUND(H42,2)*I42/100)+ROUND(H42,2),2) -> 0 | K42: =ROUND(D42*J42,2) -> 0 | L42: Item
A43: 5.1.3.2 | B43: ESCAVAÇÃO DE ROCHA COMPACTA A FRIO, EM VALAS, POÇOS E CAVAS | C43: M³ | D43: 155.25 | E43: 377.03 | F43: 23.52 | G43: 465.71 | I43: =ROUND('BDI Principal'!D14,2) -> 23.52 | J43: =ROUND((ROUND(H43,2)*I43/100)+ROUND(H43,2),2) -> 0 | K43: =ROUND(D43*J43,2) -> 0 | L43: Item
A44: 5.1.3.3 | B44: ESCAVAÇÃO EM ROCHA BRANDA A FRIO, EM VALAS, POÇOS E CAVAS | C44: M³ | D44: 485.42 | E44: 246.55 | F44: 23.52 | G44: 304.54 | I44: =ROUND('BDI Principal'!D14,2) -> 23.52 | J44: =ROUND((ROUND(H44,2)*I44/100)+ROUND(H44,2),2) -> 0 | K44: =ROUND(D44*J44,2) -> 0 | L44: Item
A45: 5.1.3.4 | B45: ESCAVAÇÃO MANUAL DE ÁREAS, VALAS, POÇOS E CAVAS EM SOLO NÃO ROCHOSO, COM PROFUND. ATÉ 1,25 M | C45: M³ | D45: 952.78 | E45: 47.71 | F45: 23.52 | G45: 58.93 | I45: =ROUND('BDI Principal'!D14,2) -> 23.52 | J45: =ROUND((ROUND(H45,2)*I45/100)+ROUND(H45,2),2) -> 0 | K45: =ROUND(D45*J45,2) -> 0 | L45: Item
A46: 5.1.3.5 | B46: ATERRO/REATERRO DE VALAS, POÇOS E CAVAS COMPACTADO MECANICAMENTE, SEM CONTROLE DO G.C. | C46: M³ | D46: 36190.49 | E46: 10.42 | F46: 23.52 | G46: 12.87 | I46: =ROUND('BDI Principal'!D14,2) -> 23.52 | J46: =ROUND((ROUND(H46,2)*I46/100)+ROUND(H46,2),2) -> 0 | K46: =ROUND(D46*J46,2) -> 0 | L46: Item
A47: 5.1.3.6 | B47: AREIA MÉDIA, INCLUSO FORNECIMENTO | C47: TON | D47: 16413.04 | E47: 69.36 | F47: 15.28 | G47: 79.96 | I47: ='BDI Diferenciado'!D14 -> 15.28 | J47: =ROUND((ROUND(H47,2)*I47/100)+ROUND(H47,2),2) -> 0 | K47: =ROUND(D47*J47,2) -> 0 | L47: Item
A48: 5.1.3.7 | B48: SEIXO ROLADO PARA REATERRO DE VALAS - INCLUSO FORNECIMENTO | C48: TON | D48: 39147.03 | E48: 47.46 | F48: 15.28 | G48: 54.71 | I48: ='BDI Diferenciado'!D14 -> 15.28 | J48: =ROUND((ROUND(H48,2)*I48/100)+ROUND(H48,2),2) -> 0 | K48: =ROUND(D48*J48,2) -> 0 | L48: Item
A49: 5.1.3.8 | B49: CARGA E DESCARGA - SOLO | C49: M³ | D49: 40820.04 | E49: 1.89 | F49: 23.52 | G49: 2.33 | I49: =ROUND('BDI Principal'!D14,2) -> 23.52 | J49: =ROUND((ROUND(H49,2)*I49/100)+ROUND(H49,2),2) -> 0 | K49: =ROUND(D49*J49,2) -> 0 | L49: Item
A50: 5.1.3.9 | B50: CARGA E DESCARGA - ROCHA | C50: M³ | D50: 640.67 | E50: 2.46 | F50: 23.52 | G50: 3.04 | I50: =ROUND('BDI Principal'!D14,2) -> 23.52 | J50: =ROUND((ROUND(H50,2)*I50/100)+ROUND(H50,2),2) -> 0 | K50: =ROUND(D50*J50,2) -> 0 | L50: Item
A51: 5.1.3.10 | B51: TRANSPORTE DE MATERIAL ESCAVADO - SOLO | C51: M³XKM | D51: 408200.42 | E51: 1.52 | F51: 23.52 | G51: 1.88 | I51: =ROUND('BDI Principal'!D14,2) -> 23.52 | J51: =ROUND((ROUND(H51,2)*I51/100)+ROUND(H51,2),2) -> 0 | K51: =ROUND(D51*J51,2) -> 0 | L51: Item
A52: 5.1.3.11 | B52: TRANSPORTE DE MATERIAL ESCAVADO - ROCHA | C52: M³XKM | D52: 6406.7 | E52: 1.98 | F52: 23.52 | G52: 2.45 | I52: =ROUND('BDI Principal'!D14,2) -> 23.52 | J52: =ROUND((ROUND(H52,2)*I52/100)+ROUND(H52,2),2) -> 0 | K52: =ROUND(D52*J52,2) -> 0 | L52: Item
A53: 5.1.3.12 | B53: ESGOTAMENTO DE VALA COM BOMBA SUBMERSÍVEL. AF_12/2022 | C53: H | D53: 951.1 | E53: 37.6 | F53: 23.52 | G53: 46.44 | I53: =ROUND('BDI Principal'!D14,2) -> 23.52 | J53: =ROUND((ROUND(H53,2)*I53/100)+ROUND(H53,2),2) -> 0 | K53: =ROUND(D53*J53,2) -> 0 | L53: Item
A54: 5.1.3.13 | B54: DESTINAÇÃO DE RESÍDUO DE CONSTRUÇÃO CIVIL CLASSE II B | C54: M3 | D54: 41460.71 | E54: 24.5 | F54: 23.52 | G54: 30.26 | I54: =ROUND('BDI Principal'!D14,2) -> 23.52 | J54: =ROUND((ROUND(H54,2)*I54/100)+ROUND(H54,2),2) -> 0 | K54: =ROUND(D54*J54,2) -> 0 | L54: Item
A55: 5.1.4 | B55: ESCORAMENTO | K55: =SUM(K56:K57) -> 0 | L55: Etapa
A56: 5.1.4.1 | B56: ESCORAMENTO COM BLINDADO LEVE | C56: M² | D56: 65508.43 | E56: 21.24 | F56: 23.52 | G56: 26.24 | I56: =ROUND('BDI Principal'!D14,2) -> 23.52 | J56: =ROUND((ROUND(H56,2)*I56/100)+ROUND(H56,2),2) -> 0 | K56: =ROUND(D56*J56,2) -> 0 | L56: Item
A57: 5.1.4.2 | B57: ESCORAMENTO COM BLINDADO PESADO | C57: M² | D57: 20836.27 | E57: 54.15 | F57: 23.52 | G57: 66.89 | I57: =ROUND('BDI Principal'!D14,2) -> 23.52 | J57: =ROUND((ROUND(H57,2)*I57/100)+ROUND(H57,2),2) -> 0 | K57: =ROUND(D57*J57,2) -> 0 | L57: Item
A58: 5.1.5 | B58: POÇOS DE VISITA | K58: =SUM(K59:K65) -> 0 | L58: Etapa
A59: 5.1.5.1 | B59: TERMINAL DE LIMPEZA TL DN150 - FORNECIMENTO E INSTALAÇÃO | C59: UN | D59: 83 | E59: 325.45 | F59: 23.52 | G59: 402 | I59: =ROUND('BDI Principal'!D14,2) -> 23.52 | J59: =ROUND((ROUND(H59,2)*I59/100)+ROUND(H59,2),2) -> 0 | K59: =ROUND(D59*J59,2) -> 0 | L59: Item
A60: 5.1.5.2 | B60: TIL DE PASSAGEM PARA REDE DE ESGOTO DN150 - FORNECIMENTO E INSTALAÇÃO | C60: UN | D60: 259 | E60: 584.18 | F60: 23.52 | G60: 721.58 | I60: =ROUND('BDI Principal'!D14,2) -> 23.52 | J60: =ROUND((ROUND(H60,2)*I60/100)+ROUND(H60,2),2) -> 0 | K60: =ROUND(D60*J60,2) -> 0 | L60: Item
A61: 5.1.5.3 | B61: POÇO DE VISITA (BASE EM TUBO), DN 1000 MM ATÉ 1.00M - TIPO 3 | C61: UN | D61: 234 | E61: 2954.2 | F61: 23.52 | G61: 3649.03 | I61: =ROUND('BDI Principal'!D14,2) -> 23.52 | J61: =ROUND((ROUND(H61,2)*I61/100)+ROUND(H61,2),2) -> 0 | K61: =ROUND(D61*J61,2) -> 0 | L61: Item
A62: 5.1.5.4 | B62: ACRÉSCIMO DE CÂMARA (BALÃO) EM POÇO DE VISITA EM ANÉIS DE CONCRETO PB, DN 1000 MM | C62: M | D62: 167.37 | E62: 1035.23 | F62: 23.52 | G62: 1278.72 | I62: =ROUND('BDI Principal'!D14,2) -> 23.52 | J62: =ROUND((ROUND(H62,2)*I62/100)+ROUND(H62,2),2) -> 0 | K62: =ROUND(D62*J62,2) -> 0 | L62: Item
A63: 5.1.5.5 | B63: TUBO COLETOR DE ESGOTO PVC, JEI, DN 200 MM (NBR 7362) | C63: M | D63: 49.9 | E63: 109.08 | F63: 23.52 | G63: 134.74 | I63: =ROUND('BDI Principal'!D14,2) -> 23.52 | J63: =ROUND((ROUND(H63,2)*I63/100)+ROUND(H63,2),2) -> 0 | K63: =ROUND(D63*J63,2) -> 0 | L63: Item
A64: 5.1.5.6 | B64: ASSENTAMENTO DE TAMPÃO DE FERRO FUNDIDO 600 MM | C64: UN | D64: 234 | E64: 102.04 | F64: 23.52 | G64: 126.04 | I64: =ROUND('BDI Principal'!D14,2) -> 23.52 | J64: =ROUND((ROUND(H64,2)*I64/100)+ROUND(H64,2),2) -> 0 | K64: =ROUND(D64*J64,2) -> 0 | L64: Item
A65: 5.1.5.7 | B65: LAJE DE CONCRETO PARA PVS CONFORME PADRÃO SAMAE - FORNECIMENTO E INSTALAÇÃO (INCLUSO TAMPÃO) | C65: UN | D65: 234 | E65: 1713.91 | F65: 23.52 | G65: 2117.02 | I65: =ROUND('BDI Principal'!D14,2) -> 23.52 | J65: =ROUND((ROUND(H65,2)*I65/100)+ROUND(H65,2),2) -> 0 | K65: =ROUND(D65*J65,2) -> 0 | L65: Item
A66: 5.1.6 | B66: ASSENTAMENTO DE TUBOS E CONEXÕES EM PVC, JUNTA ELÁSTICA - INCLUSIVE LIMPEZA E TESTE | K66: =SUM(K67:K68) -> 0 | L66: Etapa
A67: 5.1.6.1 | B67: ASSENTAMENTO DE TUBOS E CONEXÕES EM PVC, RPVC, PVC DEFºFº, PRFV, J.E., DN 150 MM | C67: M | D67: 22587.94 | E67: 1.85 | F67: 23.52 | G67: 2.29 | I67: =ROUND('BDI Principal'!D14,2) -> 23.52 | J67: =ROUND((ROUND(H67,2)*I67/100)+ROUND(H67,2),2) -> 0 | K67: =ROUND(D67*J67,2) -> 0 | L67: Item
A68: 5.1.6.2 | B68: ASSENTAMENTO DE TUBOS E CONEXÕES EM PVC, RPVC, PVC DEFºFº, PRFV, J.E., DN 250 MM | C68: M | D68: 5030.43 | E68: 2.13 | F68: 23.52 | G68: 2.63 | I68: =ROUND('BDI Principal'!D14,2) -> 23.52 | J68: =ROUND((ROUND(H68,2)*I68/100)+ROUND(H68,2),2) -> 0 | K68: =ROUND(D68*J68,2) -> 0 | L68: Item
A69: 5.1.7 | B69: LIGAÇÕES PREDIAIS | K69: =SUM(K70:K74) -> 0 | L69: Etapa
A70: 5.1.7.1 | B70: CADASTRO DE LIGAÇÕES | C70: UN | D70: 430 | E70: 9.7 | F70: 23.52 | G70: 11.98 | I70: =ROUND('BDI Principal'!D14,2) -> 23.52 | J70: =ROUND((ROUND(H70,2)*I70/100)+ROUND(H70,2),2) -> 0 | K70: =ROUND(D70*J70,2) -> 0 | L70: Item
A71: 5.1.7.2 | B71: RAMAL PREDIAL DE ESGOTO EM PVC, DN 100 MM | C71: M | D71: 645 | E71: 10.94 | F71: 23.52 | G71: 13.51 | I71: =ROUND('BDI Principal'!D14,2) -> 23.52 | J71: =ROUND((ROUND(H71,2)*I71/100)+ROUND(H71,2),2) -> 0 | K71: =ROUND(D71*J71,2) -> 0 | L71: Item
A72: 5.1.7.3 | B72: CONEXÃO DO RAMAL A REDE DE ESGOTO, EM PVC, DIAM. 100 MM | C72: UN | D72: 430 | E72: 6.94 | F72: 23.52 | G72: 8.57 | I72: =ROUND('BDI Principal'!D14,2) -> 23.52 | J72: =ROUND((ROUND(H72,2)*I72/100)+ROUND(H72,2),2) -> 0 | K72: =ROUND(D72*J72,2) -> 0 | L72: Item
A73: 5.1.7.4 | B73: TIL DE LIGAÇÃO PREDIAL COM TODOS OS COMPONENTES DN150X100 - FORNECIMENTO E INSTALAÇÃO | C73: UN | D73: 430 | E73: 187.37 | F73: 23.52 | G73: 231.44 | I73: =ROUND('BDI Principal'!D14,2) -> 23.52 | J73: =ROUND((ROUND(H73,2)*I73/100)+ROUND(H73,2),2) -> 0 | K73: =ROUND(D73*J73,2) -> 0 | L73: Item
A74: 5.1.7.5 | B74: INTERLIGAÇÃO COM REDE DE PVC, DIÂMETRO 250 MM | C74: UN | D74: 56 | E74: 509.52 | F74: 23.52 | G74: 629.36 | I74: =ROUND('BDI Principal'!D14,2) -> 23.52 | J74: =ROUND((ROUND(H74,2)*I74/100)+ROUND(H74,2),2) -> 0 | K74: =ROUND(D74*J74,2) -> 0 | L74: Item
A75: 5.1.8 | B75: REMOÇAO E RECOMPOSIÇÃO DE PAVIMENTO | K75: =SUM(K76:K95) -> 0 | L75: Etapa
A76: 5.1.8.1 | B76: REMOÇÃO DE PAVIMENTAÇÃO ASFALTICA | C76: M² | D76: 10587.94 | E76: 21.69 | F76: 23.52 | G76: 26.79 | I76: =ROUND('BDI Principal'!D14,2) -> 23.52 | J76: =ROUND((ROUND(H76,2)*I76/100)+ROUND(H76,2),2) -> 0 | K76: =ROUND(D76*J76,2) -> 0 | L76: Item
A77: 5.1.8.2 | B77: EXECUÇÃO E COMPACTAÇÃO DE BASE E OU SUB BASE PARA PAVIMENTAÇÃO DE BRITA GRADUADA SIMPLES - EXCLUSIVE CARGA E TRANSPORTE. AF_11/2019 | C77: M3 | D77: 2487.09 | E77: 184.11 | F77: 23.52 | G77: 227.41 | I77: =ROUND('BDI Principal'!D14,2) -> 23.52 | J77: =ROUND((ROUND(H77,2)*I77/100)+ROUND(H77,2),2) -> 0 | K77: =ROUND(D77*J77,2) -> 0 | L77: Item
A78: 5.1.8.3 | B78: FRESAGEM DE PAVIMENTO ASFÁLTICO (PROFUNDIDADE ATÉ 5,0 CM) - EXCLUSIVE TRANSPORTE. AF_11/2019 | C78: M2 | D78: 23508.32 | E78: 7.1 | F78: 15.28 | G78: 8.18 | I78: ='BDI Diferenciado'!D14 -> 15.28 | J78: =ROUND((ROUND(H78,2)*I78/100)+ROUND(H78,2),2) -> 0 | K78: =ROUND(D78*J78,2) -> 0 | L78: Item
A79: 5.1.8.4 | B79: TRANSPORTE COM CAMINHÃO BASCULANTE DE 10 M³, EM VIA URBANA PAVIMENTADA, DMT ATÉ 30 KM (UNIDADE: M3XKM). AF_07/2020 | C79: M3XKM | D79: 259954.08 | E79: 2.47 | F79: 23.52 | G79: 3.05 | I79: =ROUND('BDI Principal'!D14,2) -> 23.52 | J79: =ROUND((ROUND(H79,2)*I79/100)+ROUND(H79,2),2) -> 0 | K79: =ROUND(D79*J79,2) -> 0 | L79: Item
A80: 5.1.8.5 | B80: EXECUÇÃO DE IMPRIMAÇÃO LIGANTE | C80: M² | D80: 34096.25 | E80: 9.8 | F80: 15.28 | G80: 11.3 | I80: ='BDI Diferenciado'!D14 -> 15.28 | J80: =ROUND((ROUND(H80,2)*I80/100)+ROUND(H80,2),2) -> 0 | K80: =ROUND(D80*J80,2) -> 0 | L80: Item
A81: 5.1.8.6 | B81: EXECUÇÃO DE PAVIMENTO COM APLICAÇÃO DE CONCRETO ASFÁLTICO, CAMADA DE ROLAMENTO - EXCLUSIVE CARGA E TRANSPORTE. AF_11/2019 | C81: M3 | D81: 917.01 | E81: 1438.55 | F81: 15.28 | G81: 1658.36 | I81: ='BDI Diferenciado'!D14 -> 15.28 | J81: =ROUND((ROUND(H81,2)*I81/100)+ROUND(H81,2),2) -> 0 | K81: =ROUND(D81*J81,2) -> 0 | L81: Item
A82: 5.1.8.7 | B82: TRANSPORTE DE CONCRETO ASFÁLTICO USINADO À QUENTE - CAUQ | C82: TXKM | D82: 44016.39 | E82: 0.78 | F82: 15.28 | G82: 0.9 | I82: ='BDI Diferenciado'!D14 -> 15.28 | J82: =ROUND((ROUND(H82,2)*I82/100)+ROUND(H82,2),2) -> 0 | K82: =ROUND(D82*J82,2) -> 0 | L82: Item
A83: 5.1.8.8 | B83: REMOÇÃO DE MEIO-FIO | C83: M | D83: 3950 | E83: 6.42 | F83: 23.52 | G83: 7.93 | I83: =ROUND('BDI Principal'!D14,2) -> 23.52 | J83: =ROUND((ROUND(H83,2)*I83/100)+ROUND(H83,2),2) -> 0 | K83: =ROUND(D83*J83,2) -> 0 | L83: Item
A84: 5.1.8.9 | B84: REPOSIÇÃO DE MEIO-FIO | C84: M | D84: 3950 | E84: 20.82 | F84: 23.52 | G84: 25.72 | I84: =ROUND('BDI Principal'!D14,2) -> 23.52 | J84: =ROUND((ROUND(H84,2)*I84/100)+ROUND(H84,2),2) -> 0 | K84: =ROUND(D84*J84,2) -> 0 | L84: Item
A85: 5.1.8.10 | B85: CORTE DE CONCRETO COM ESPESSURA ATÉ 0,15M | C85: M | D85: 4400 | E85: 28.07 | F85: 23.52 | G85: 34.67 | I85: =ROUND('BDI Principal'!D14,2) -> 23.52 | J85: =ROUND((ROUND(H85,2)*I85/100)+ROUND(H85,2),2) -> 0 | K85: =ROUND(D85*J85,2) -> 0 | L85: Item
A86: 5.1.8.11 | B86: REMOÇÃO DE PASSEIO CIMENTADO | C86: M² | D86: 3520 | E86: 7.35 | F86: 23.52 | G86: 9.08 | I86: =ROUND('BDI Principal'!D14,2) -> 23.52 | J86: =ROUND((ROUND(H86,2)*I86/100)+ROUND(H86,2),2) -> 0 | K86: =ROUND(D86*J86,2) -> 0 | L86: Item
A87: 5.1.8.12 | B87: REPOSIÇÃO DE PASSEIO CIMENTADO | C87: M² | D87: 3520 | E87: 60.84 | F87: 23.52 | G87: 75.15 | I87: =ROUND('BDI Principal'!D14,2) -> 23.52 | J87: =ROUND((ROUND(H87,2)*I87/100)+ROUND(H87,2),2) -> 0 | K87: =ROUND(D87*J87,2) -> 0 | L87: Item
A88: 5.1.8.13 | B88: DEMOLIÇÃO DE PAVIMENTO INTERTRAVADO, DE FORMA MANUAL, COM REAPROVEITAMENTO. AF_12/2017 | C88: M2 | D88: 320 | E88: 19.49 | F88: 23.52 | G88: 24.07 | I88: =ROUND('BDI Principal'!D14,2) -> 23.52 | J88: =ROUND((ROUND(H88,2)*I88/100)+ROUND(H88,2),2) -> 0 | K88: =ROUND(D88*J88,2) -> 0 | L88: Item
A89: 5.1.8.14 | B89: REPOSIÇÃO DE PAVIMENTAÇÃO EM LAJOTA SEXTAVADA | C89: M² | D89: 320 | E89: 22.61 | F89: 23.52 | G89: 27.93 | I89: =ROUND('BDI Principal'!D14,2) -> 23.52 | J89: =ROUND((ROUND(H89,2)*I89/100)+ROUND(H89,2),2) -> 0 | K89: =ROUND(D89*J89,2) -> 0 | L89: Item
A90: 5.1.8.15 | B90: ATERRO MECANIZADO DE VALA COM ESCAVADEIRA HIDRÁULICA (CAPACIDADE DA CAÇAMBA: 0,8 M³/POTÊNCIA: 111 HP), LARGURA ATÉ 2,5 M, PROFUNDIDADE DE 1,5 A 3,0 M, COM AREIA PARA ATERRO. AF_08/2023 | C90: M3 | D90: 64 | E90: 125.15 | F90: 23.52 | G90: 154.59 | I90: =ROUND('BDI Principal'!D14,2) -> 23.52 | J90: =ROUND((ROUND(H90,2)*I90/100)+ROUND(H90,2),2) -> 0 | K90: =ROUND(D90*J90,2) -> 0 | L90: Item
A91: 5.1.8.16 | B91: FORNECIMENTO DE LADRILHO HIDRAULICO OU CERÂMICO | C91: M² | D91: 32 | E91: 60.75 | F91: 23.52 | G91: 75.04 | I91: =ROUND('BDI Principal'!D14,2) -> 23.52 | J91: =ROUND((ROUND(H91,2)*I91/100)+ROUND(H91,2),2) -> 0 | K91: =ROUND(D91*J91,2) -> 0 | L91: Item
A92: 5.1.8.17 | B92: REPOSIÇÃO DE PASSEIO EM LADRILHO HIDRAULICO OU CERÂMICO | C92: M² | D92: 32 | E92: 68.63 | F92: 23.52 | G92: 84.77 | I92: =ROUND('BDI Principal'!D14,2) -> 23.52 | J92: =ROUND((ROUND(H92,2)*I92/100)+ROUND(H92,2),2) -> 0 | K92: =ROUND(D92*J92,2) -> 0 | L92: Item
A93: 5.1.8.18 | B93: REPOSIÇÃO DE PASSEIO COM GRAMA | C93: M² | D93: 32 | E93: 17.36 | F93: 23.52 | G93: 21.44 | I93: =ROUND('BDI Principal'!D14,2) -> 23.52 | J93: =ROUND((ROUND(H93,2)*I93/100)+ROUND(H93,2),2) -> 0 | K93: =ROUND(D93*J93,2) -> 0 | L93: Item
A94: 5.1.8.19 | B94: REPOSIÇÃO DE PASSEIO EM PEDRA PORTUGUESA (PETIT-PAVET) | C94: M² | D94: 16 | E94: 55.21 | F94: 23.52 | G94: 68.2 | I94: =ROUND('BDI Principal'!D14,2) -> 23.52 | J94: =ROUND((ROUND(H94,2)*I94/100)+ROUND(H94,2),2) -> 0 | K94: =ROUND(D94*J94,2) -> 0 | L94: Item
A95: 5.1.8.20 | B95: FORNECIMENTO DE PEDRA PORTUGUESA (PETIT-PAVET) | C95: M² | D95: 16 | E95: 110.86 | F95: 23.52 | G95: 136.93 | I95: =ROUND('BDI Principal'!D14,2) -> 23.52 | J95: =ROUND((ROUND(H95,2)*I95/100)+ROUND(H95,2),2) -> 0 | K95: =ROUND(D95*J95,2) -> 0 | L95: Item
A96: 5.1.9 | B96: REMOÇAO E RECOMPOSIÇÃO DE TUBULAÇÃO DE DRENAGEM | K96: =SUM(K97:K101) -> 0 | L96: Etapa
A97: 5.1.9.1 | B97: ASSENTAMENTO DE TUBO DE CONCRETO PARA REDES COLETORAS DE ÁGUAS PLUVIAIS, DIÂMETRO DE 300 MM, JUNTA RÍGIDA, INSTALADO EM LOCAL COM ALTO NÍVEL DE INTERFERÊNCIAS (NÃO INCLUI FORNECIMENTO). AF_12/2015 | C97: M | D97: 217 | E97: 27.04 | F97: 23.52 | G97: 33.4 | I97: =ROUND('BDI Principal'!D14,2) -> 23.52 | J97: =ROUND((ROUND(H97,2)*I97/100)+ROUND(H97,2),2) -> 0 | K97: =ROUND(D97*J97,2) -> 0 | L97: Item
A98: 5.1.9.2 | B98: TUBO DE CONCRETO SIMPLES PARA AGUAS PLUVIAIS, CLASSE PS1, COM ENCAIXE MACHO E FEMEA, DIAMETRO NOMINAL DE 300 MM | C98: M | D98: 217 | E98: 35.71 | F98: 23.52 | G98: 44.11 | I98: =ROUND('BDI Principal'!D14,2) -> 23.52 | J98: =ROUND((ROUND(H98,2)*I98/100)+ROUND(H98,2),2) -> 0 | K98: =ROUND(D98*J98,2) -> 0 | L98: Item
A99: 5.1.9.3 | B99: ASSENTAMENTO DE TUBO DE CONCRETO PARA REDES COLETORAS DE ÁGUAS PLUVIAIS, DIÂMETRO DE 600 MM, JUNTA RÍGIDA, INSTALADO EM LOCAL COM ALTO NÍVEL DE INTERFERÊNCIAS (NÃO INCLUI FORNECIMENTO). AF_12/2015 | C99: M | D99: 108.5 | E99: 60.08 | F99: 23.52 | G99: 74.21 | I99: =ROUND('BDI Principal'!D14,2) -> 23.52 | J99: =ROUND((ROUND(H99,2)*I99/100)+ROUND(H99,2),2) -> 0 | K99: =ROUND(D99*J99,2) -> 0 | L99: Item
A100: 5.1.9.4 | B100: TUBO DE CONCRETO SIMPLES PARA AGUAS PLUVIAIS, CLASSE PS1, COM ENCAIXE MACHO E FEMEA, DIAMETRO NOMINAL DE 600 MM | C100: M | D100: 108.5 | E100: 83.45 | F100: 23.52 | G100: 103.08 | I100: =ROUND('BDI Principal'!D14,2) -> 23.52 | J100: =ROUND((ROUND(H100,2)*I100/100)+ROUND(H100,2),2) -> 0 | K100: =ROUND(D100*J100,2) -> 0 | L100: Item
A101: 5.1.9.5 | B101: TUBO DE CONCRETO PARA REDES COLETORAS DE ÁGUAS PLUVIAIS, DIÂMETRO DE 1200 MM, JUNTA RÍGIDA, INSTALADO EM LOCAL COM ALTO NÍVEL DE INTERFERÊNCIAS - FORNECIMENTO E ASSENTAMENTO. AF_12/2015 | C101: M | D101: 54.25 | E101: 867.53 | F101: 23.52 | G101: 1071.57 | I101: =ROUND('BDI Principal'!D14,2) -> 23.52 | J101: =ROUND((ROUND(H101,2)*I101/100)+ROUND(H101,2),2) -> 0 | K101: =ROUND(D101*J101,2) -> 0 | L101: Item
...

Sheet Cronograma
A1: Prefeitura Municipal de Jaraguá do Sul - SC
A2: Orcamento de obra - REDE COLETORA DE ESGOTO - BAIRRO TRÊS RIOS DO NORTE
A3: Data: | B3: =DADOS!C3 -> 16/09/2024
A4: Empresa: | B4: =DADOS!C7 -> 0 | G4: Telefone: | H4: =DADOS!C9
A5: CNPJ: | B5: =DADOS!C8 | D5: Cidade: | E5: =DADOS!C13 -> 0 | H5: UF: | I5: =DADOS!C14 -> 0
A7: Item | B7: Etapa | C7: Total R$ | D7: % Mês 1 | E7: R$ Mês 1 | F7: % Mês 2 | G7: R$ Mês 2 | H7: % Mês 3 | I7: R$ Mês 3 | J7: % Mês 4 | K7: R$ Mês 4 | L7: % Mês 5 | M7: R$ Mês 5 | N7: % Mês 6 | O7: R$ Mês 6 | P7: % Mês 7 | Q7: R$ Mês 7 | R7: % Mês 8 | S7: R$ Mês 8 | T7: % Mês 9 | U7: R$ Mês 9 | V7: % Mês 10 | W7: R$ Mês 10 | X7: % Mês 11 | Y7: R$ Mês 11 | Z7: % Mês 12 | AA7: R$ Mês 12 | AB7: % Mês 13 | AC7: R$ Mês 13 | AD7: % Mês 14 | AE7: R$ Mês 14 | AF7: % Mês 15 | AG7: R$ Mês 15 | AH7: % Mês 16 | AI7: R$ Mês 16 | AJ7: % Mês 17 | AK7: R$ Mês 17 | AL7: % Mês 18 | AM7: R$ Mês 18 | AN7: % Mês 19 | AO7: R$ Mês 19 | AP7: % Mês 20 | AQ7: R$ Mês 20 | AR7: % Mês 21 | AS7: R$ Mês 21 | AT7: % Mês 22 | AU7: R$ Mês 22 | AV7: % Mês 23 | AW7: R$ Mês 23 | AX7: % Mês 24 | AY7: R$ Mês 24 | AZ7: % Total | BA7: R$ Total
A8: 1 | B8: CANTEIRO DE OBRAS | C8: =Orçamento!K8 -> 0 | D8: 2.5 | E8: =C8*D8/100 -> 0 | F8: 4 | G8: =C8*F8/100 -> 0 | H8: 4 | I8: =C8*H8/100 -> 0 | J8: 4 | K8: =C8*J8/100 -> 0 | L8: 4 | M8: =C8*L8/100 -> 0 | N8: 4.5 | O8: =C8*N8/100 -> 0 | P8: 4.5 | Q8: =C8*P8/100 -> 0 | R8: 4.5 | S8: =C8*R8/100 -> 0 | T8: 4.5 | U8: =C8*T8/100 -> 0 | V8: 4.5 | W8: =C8*V8/100 -> 0 | X8: 4.5 | Y8: =C8*X8/100 -> 0 | Z8: 4.5 | AA8: =C8*Z8/100 -> 0 | AB8: 4.5 | AC8: =C8*AB8/100 -> 0 | AD8: 4.5 | AE8: =C8*AD8/100 -> 0 | AF8: 4.5 | AG8: =C8*AF8/100 -> 0 | AH8: 4.5 | AI8: =C8*AH8/100 -> 0 | AJ8: 4.5 | AK8: =C8*AJ8/100 -> 0 | AL8: 4.5 | AM8: =C8*AL8/100 -> 0 | AN8: 4.5 | AO8: =C8*AN8/100 -> 0 | AP8: 4.5 | AQ8: =C8*AP8/100 -> 0 | AR8: 4.5 | AS8: =C8*AR8/100 -> 0 | AT8: 4.5 | AU8: =C8*AT8/100 -> 0 | AV8: 2.5 | AW8: =C8*AV8/100 -> 0 | AX8: 2.5 | AY8: =C8*AX8/100 -> 0 | AZ8: =D8+F8+H8+J8+L8+N8+P8+R8+T8+V8+X8+Z8+AB8+AD8+AF8+AH8+AJ8+AL8+AN8+AP8+AR8+AT8+AV8+AX8 -> 100 | BA8: =E8+G8+I8+K8+M8+O8+Q8+S8+U8+W8+Y8+AA8+AC8+AE8+AG8+AI8+AK8+AM8+AO8+AQ8+AS8+AU8+AW8+AY8 -> 0
A9: 2 | B9: ADMINISTRAÇÃO LOCAL | C9: =Orçamento!K19 -> 0 | D9: 2.5 | E9: =C9*D9/100 -> 0 | F9: 4 | G9: =C9*F9/100 -> 0 | H9: 4 | I9: =C9*H9/100 -> 0 | J9: 4 | K9: =C9*J9/100 -> 0 | L9: 4 | M9: =C9*L9/100 -> 0 | N9: 4.5 | O9: =C9*N9/100 -> 0 | P9: 4.5 | Q9: =C9*P9/100 -> 0 | R9: 4.5 | S9: =C9*R9/100 -> 0 | T9: 4.5 | U9: =C9*T9/100 -> 0 | V9: 4.5 | W9: =C9*V9/100 -> 0 | X9: 4.5 | Y9: =C9*X9/100 -> 0 | Z9: 4.5 | AA9: =C9*Z9/100 -> 0 | AB9: 4.5 | AC9: =C9*AB9/100 -> 0 | AD9: 4.5 | AE9: =C9*AD9/100 -> 0 | AF9: 4.5 | AG9: =C9*AF9/100 -> 0 | AH9: 4.5 | AI9: =C9*AH9/100 -> 0 | AJ9: 4.5 | AK9: =C9*AJ9/100 -> 0 | AL9: 4.5 | AM9: =C9*AL9/100 -> 0 | AN9: 4.5 | AO9: =C9*AN9/100 -> 0 | AP9: 4.5 | AQ9: =C9*AP9/100 -> 0 | AR9: 4.5 | AS9: =C9*AR9/100 -> 0 | AT9: 4.5 | AU9: =C9*AT9/100 -> 0 | AV9: 2.5 | AW9: =C9*AV9/100 -> 0 | AX9: 2.5 | AY9: =C9*AX9/100 -> 0 | AZ9: =D9+F9+H9+J9+L9+N9+P9+R9+T9+V9+X9+Z9+AB9+AD9+AF9+AH9+AJ9+AL9+AN9+AP9+AR9+AT9+AV9+AX9 -> 100 | BA9: =E9+G9+I9+K9+M9+O9+Q9+S9+U9+W9+Y9+AA9+AC9+AE9+AG9+AI9+AK9+AM9+AO9+AQ9+AS9+AU9+AW9+AY9 -> 0
A10: 3 | B10: DETALHAMENTO PROJETO EXECUTIVO E PLANO DE TRABALHO | C10: =Orçamento!K24 -> 0 | D10: 100 | E10: =C10*D10/100 -> 0 | F10: 0 | G10: =C10*F10/100 -> 0 | H10: 0 | I10: =C10*H10/100 -> 0 | J10: 0 | K10: =C10*J10/100 -> 0 | L10: 0 | M10: =C10*L10/100 -> 0 | N10: 0 | O10: =C10*N10/100 -> 0 | P10: 0 | Q10: =C10*P10/100 -> 0 | R10: 0 | S10: =C10*R10/100 -> 0 | T10: 0 | U10: =C10*T10/100 -> 0 | V10: 0 | W10: =C10*V10/100 -> 0 | X10: 0 | Y10: =C10*X10/100 -> 0 | Z10: 0 | AA10: =C10*Z10/100 -> 0 | AB10: 0 | AC10: =C10*AB10/100 -> 0 | AD10: 0 | AE10: =C10*AD10/100 -> 0 | AF10: 0 | AG10: =C10*AF10/100 -> 0 | AH10: 0 | AI10: =C10*AH10/100 -> 0 | AJ10: 0 | AK10: =C10*AJ10/100 -> 0 | AL10: 0 | AM10: =C10*AL10/100 -> 0 | AN10: 0 | AO10: =C10*AN10/100 -> 0 | AP10: 0 | AQ10: =C10*AP10/100 -> 0 | AR10: 0 | AS10: =C10*AR10/100 -> 0 | AT10: 0 | AU10: =C10*AT10/100 -> 0 | AV10: 0 | AW10: =C10*AV10/100 -> 0 | AX10: 0 | AY10: =C10*AX10/100 -> 0 | AZ10: =D10+F10+H10+J10+L10+N10+P10+R10+T10+V10+X10+Z10+AB10+AD10+AF10+AH10+AJ10+AL10+AN10+AP10+AR10+AT10+AV10+AX10 -> 100 | BA10: =E10+G10+I10+K10+M10+O10+Q10+S10+U10+W10+Y10+AA10+AC10+AE10+AG10+AI10+AK10+AM10+AO10+AQ10+AS10+AU10+AW10+AY10 -> 0
A11: 4 | B11: LIMPEZA, CONSERVAÇÃO, SINALIZAÇÃO E TESTE GERAL DE ESTANQUEIDADE | C11: =Orçamento!K26 -> 0 | D11: 0 | E11: =C11*D11/100 -> 0 | F11: 4 | G11: =C11*F11/100 -> 0 | H11: 4 | I11: =C11*H11/100 -> 0 | J11: 4 | K11: =C11*J11/100 -> 0 | L11: 4 | M11: =C11*L11/100 -> 0 | N11: 4 | O11: =C11*N11/100 -> 0 | P11: 4 | Q11: =C11*P11/100 -> 0 | R11: 4 | S11: =C11*R11/100 -> 0 | T11: 5 | U11: =C11*T11/100 -> 0 | V11: 5 | W11: =C11*V11/100 -> 0 | X11: 5 | Y11: =C11*X11/100 -> 0 | Z11: 5 | AA11: =C11*Z11/100 -> 0 | AB11: 5 | AC11: =C11*AB11/100 -> 0 | AD11: 5 | AE11: =C11*AD11/100 -> 0 | AF11: 5 | AG11: =C11*AF11/100 -> 0 | AH11: 5 | AI11: =C11*AH11/100 -> 0 | AJ11: 4 | AK11: =C11*AJ11/100 -> 0 | AL11: 4 | AM11: =C11*AL11/100 -> 0 | AN11: 4 | AO11: =C11*AN11/100 -> 0 | AP11: 4 | AQ11: =C11*AP11/100 -> 0 | AR11: 4 | AS11: =C11*AR11/100 -> 0 | AT11: 4 | AU11: =C11*AT11/100 -> 0 | AV11: 4 | AW11: =C11*AV11/100 -> 0 | AX11: 4 | AY11: =C11*AX11/100 -> 0 | AZ11: =D11+F11+H11+J11+L11+N11+P11+R11+T11+V11+X11+Z11+AB11+AD11+AF11+AH11+AJ11+AL11+AN11+AP11+AR11+AT11+AV11+AX11 -> 100 | BA11: =E11+G11+I11+K11+M11+O11+Q11+S11+U11+W11+Y11+AA11+AC11+AE11+AG11+AI11+AK11+AM11+AO11+AQ11+AS11+AU11+AW11+AY11 -> 0
A12: 5.1 | B12: REDE COLETORA | C12: =Orçamento!K31 -> 0 | D12: 0 | E12: =C12*D12/100 -> 0 | F12: 4 | G12: =C12*F12/100 -> 0 | H12: 4 | I12: =C12*H12/100 -> 0 | J12: 4 | K12: =C12*J12/100 -> 0 | L12: 4 | M12: =C12*L12/100 -> 0 | N12: 5 | O12: =C12*N12/100 -> 0 | P12: 5 | Q12: =C12*P12/100 -> 0 | R12: 5 | S12: =C12*R12/100 -> 0 | T12: 5 | U12: =C12*T12/100 -> 0 | V12: 5 | W12: =C12*V12/100 -> 0 | X12: 5 | Y12: =C12*X12/100 -> 0 | Z12: 5 | AA12: =C12*Z12/100 -> 0 | AB12: 5 | AC12: =C12*AB12/100 -> 0 | AD12: 5 | AE12: =C12*AD12/100 -> 0 | AF12: 5 | AG12: =C12*AF12/100 -> 0 | AH12: 5 | AI12: =C12*AH12/100 -> 0 | AJ12: 5 | AK12: =C12*AJ12/100 -> 0 | AL12: 5 | AM12: =C12*AL12/100 -> 0 | AN12: 5 | AO12: =C12*AN12/100 -> 0 | AP12: 5 | AQ12: =C12*AP12/100 -> 0 | AR12: 5 | AS12: =C12*AR12/100 -> 0 | AT12: 4 | AU12: =C12*AT12/100 -> 0 | AV12: 0 | AW12: =C12*AV12/100 -> 0 | AX12: 0 | AY12: =C12*AX12/100 -> 0 | AZ12: =D12+F12+H12+J12+L12+N12+P12+R12+T12+V12+X12+Z12+AB12+AD12+AF12+AH12+AJ12+AL12+AN12+AP12+AR12+AT12+AV12+AX12 -> 100 | BA12: =E12+G12+I12+K12+M12+O12+Q12+S12+U12+W12+Y12+AA12+AC12+AE12+AG12+AI12+AK12+AM12+AO12+AQ12+AS12+AU12+AW12+AY12 -> 0
A13: 5.2 | B13: ELEVATÓRIAS | C13: =Orçamento!K110 -> 0 | D13: 0 | E13: =C13*D13/100 -> 0 | F13: 0 | G13: =C13*F13/100 -> 0 | H13: 0 | I13: =C13*H13/100 -> 0 | J13: 0 | K13: =C13*J13/100 -> 0 | L13: 5 | M13: =C13*L13/100 -> 0 | N13: 5 | O13: =C13*N13/100 -> 0 | P13: 5 | Q13: =C13*P13/100 -> 0 | R13: 5 | S13: =C13*R13/100 -> 0 | T13: 5 | U13: =C13*T13/100 -> 0 | V13: 5 | W13: =C13*V13/100 -> 0 | X13: 5 | Y13: =C13*X13/100 -> 0 | Z13: 5 | AA13: =C13*Z13/100 -> 0 | AB13: 5 | AC13: =C13*AB13/100 -> 0 | AD13: 5 | AE13: =C13*AD13/100 -> 0 | AF13: 5 | AG13: =C13*AF13/100 -> 0 | AH13: 5 | AI13: =C13*AH13/100 -> 0 | AJ13: 5 | AK13: =C13*AJ13/100 -> 0 | AL13: 5 | AM13: =C13*AL13/100 -> 0 | AN13: 5 | AO13: =C13*AN13/100 -> 0 | AP13: 5 | AQ13: =C13*AP13/100 -> 0 | AR13: 5 | AS13: =C13*AR13/100 -> 0 | AT13: 5 | AU13: =C13*AT13/100 -> 0 | AV13: 5 | AW13: =C13*AV13/100 -> 0 | AX13: 5 | AY13: =C13*AX13/100 -> 0 | AZ13: =D13+F13+H13+J13+L13+N13+P13+R13+T13+V13+X13+Z13+AB13+AD13+AF13+AH13+AJ13+AL13+AN13+AP13+AR13+AT13+AV13+AX13 -> 100 | BA13: =E13+G13+I13+K13+M13+O13+Q13+S13+U13+W13+Y13+AA13+AC13+AE13+AG13+AI13+AK13+AM13+AO13+AQ13+AS13+AU13+AW13+AY13 -> 0
A14: 6.1 | B14: MATERIAIS - REDE COLETORA PRINCIPAL E AUXILIARES | C14: =Orçamento!K145 -> 0 | D14: 0 | E14: =C14*D14/100 -> 0 | F14: 4 | G14: =C14*F14/100 -> 0 | H14: 4 | I14: =C14*H14/100 -> 0 | J14: 4 | K14: =C14*J14/100 -> 0 | L14: 4 | M14: =C14*L14/100 -> 0 | N14: 5 | O14: =C14*N14/100 -> 0 | P14: 5 | Q14: =C14*P14/100 -> 0 | R14: 5 | S14: =C14*R14/100 -> 0 | T14: 5 | U14: =C14*T14/100 -> 0 | V14: 5 | W14: =C14*V14/100 -> 0 | X14: 5 | Y14: =C14*X14/100 -> 0 | Z14: 5 | AA14: =C14*Z14/100 -> 0 | AB14: 5 | AC14: =C14*AB14/100 -> 0 | AD14: 5 | AE14: =C14*AD14/100 -> 0 | AF14: 5 | AG14: =C14*AF14/100 -> 0 | AH14: 5 | AI14: =C14*AH14/100 -> 0 | AJ14: 5 | AK14: =C14*AJ14/100 -> 0 | AL14: 5 | AM14: =C14*AL14/100 -> 0 | AN14: 5 | AO14: =C14*AN14/100 -> 0 | AP14: 5 | AQ14: =C14*AP14/100 -> 0 | AR14: 5 | AS14: =C14*AR14/100 -> 0 | AT14: 4 | AU14: =C14*AT14/100 -> 0 | AV14: 0 | AW14: =C14*AV14/100 -> 0 | AX14: 0 | AY14: =C14*AX14/100 -> 0 | AZ14: =D14+F14+H14+J14+L14+N14+P14+R14+T14+V14+X14+Z14+AB14+AD14+AF14+AH14+AJ14+AL14+AN14+AP14+AR14+AT14+AV14+AX14 -> 100 | BA14: =E14+G14+I14+K14+M14+O14+Q14+S14+U14+W14+Y14+AA14+AC14+AE14+AG14+AI14+AK14+AM14+AO14+AQ14+AS14+AU14+AW14+AY14 -> 0
A15: 6.2 | B15: MATERIAIS - ELEVATÓRIAS | C15: =Orçamento!K150 -> 0 | D15: 0 | E15: =C15*D15/100 -> 0 | F15: 0 | G15: =C15*F15/100 -> 0 | H15: 0 | I15: =C15*H15/100 -> 0 | J15: 0 | K15: =C15*J15/100 -> 0 | L15: 5 | M15: =C15*L15/100 -> 0 | N15: 5 | O15: =C15*N15/100 -> 0 | P15: 5 | Q15: =C15*P15/100 -> 0 | R15: 5 | S15: =C15*R15/100 -> 0 | T15: 5 | U15: =C15*T15/100 -> 0 | V15: 5 | W15: =C15*V15/100 -> 0 | X15: 5 | Y15: =C15*X15/100 -> 0 | Z15: 5 | AA15: =C15*Z15/100 -> 0 | AB15: 5 | AC15: =C15*AB15/100 -> 0 | AD15: 5 | AE15: =C15*AD15/100 -> 0 | AF15: 5 | AG15: =C15*AF15/100 -> 0 | AH15: 5 | AI15: =C15*AH15/100 -> 0 | AJ15: 5 | AK15: =C15*AJ15/100 -> 0 | AL15: 5 | AM15: =C15*AL15/100 -> 0 | AN15: 5 | AO15: =C15*AN15/100 -> 0 | AP15: 5 | AQ15: =C15*AP15/100 -> 0 | AR15: 5 | AS15: =C15*AR15/100 -> 0 | AT15: 5 | AU15: =C15*AT15/100 -> 0 | AV15: 5 | AW15: =C15*AV15/100 -> 0 | AX15: 5 | AY15: =C15*AX15/100 -> 0 | AZ15: =D15+F15+H15+J15+L15+N15+P15+R15+T15+V15+X15+Z15+AB15+AD15+AF15+AH15+AJ15+AL15+AN15+AP15+AR15+AT15+AV15+AX15 -> 100 | BA15: =E15+G15+I15+K15+M15+O15+Q15+S15+U15+W15+Y15+AA15+AC15+AE15+AG15+AI15+AK15+AM15+AO15+AQ15+AS15+AU15+AW15+AY15 -> 0
A16: 6.3 | B16: LINHA DE RECALQUE | C16: =Orçamento!K197 -> 0 | D16: 0 | E16: =C16*D16/100 -> 0 | F16: 0 | G16: =C16*F16/100 -> 0 | H16: 5 | I16: =C16*H16/100 -> 0 | J16: 5 | K16: =C16*J16/100 -> 0 | L16: 5 | M16: =C16*L16/100 -> 0 | N16: 5 | O16: =C16*N16/100 -> 0 | P16: 5 | Q16: =C16*P16/100 -> 0 | R16: 5 | S16: =C16*R16/100 -> 0 | T16: 5 | U16: =C16*T16/100 -> 0 | V16: 5 | W16: =C16*V16/100 -> 0 | X16: 5 | Y16: =C16*X16/100 -> 0 | Z16: 5 | AA16: =C16*Z16/100 -> 0 | AB16: 5 | AC16: =C16*AB16/100 -> 0 | AD16: 5 | AE16: =C16*AD16/100 -> 0 | AF16: 5 | AG16: =C16*AF16/100 -> 0 | AH16: 5 | AI16: =C16*AH16/100 -> 0 | AJ16: 5 | AK16: =C16*AJ16/100 -> 0 | AL16: 5 | AM16: =C16*AL16/100 -> 0 | AN16: 4 | AO16: =C16*AN16/100 -> 0 | AP16: 4 | AQ16: =C16*AP16/100 -> 0 | AR16: 4 | AS16: =C16*AR16/100 -> 0 | AT16: 4 | AU16: =C16*AT16/100 -> 0 | AV16: 4 | AW16: =C16*AV16/100 -> 0 | AX16: 0 | AY16: =C16*AX16/100 -> 0 | AZ16: =D16+F16+H16+J16+L16+N16+P16+R16+T16+V16+X16+Z16+AB16+AD16+AF16+AH16+AJ16+AL16+AN16+AP16+AR16+AT16+AV16+AX16 -> 100 | BA16: =E16+G16+I16+K16+M16+O16+Q16+S16+U16+W16+Y16+AA16+AC16+AE16+AG16+AI16+AK16+AM16+AO16+AQ16+AS16+AU16+AW16+AY16 -> 0
A17: Totais cronograma | C17: =SUM(C8:C16) -> 0 | D17: =SUM(E8:E16) -> 0 | F17: =SUM(G8:G16) -> 0 | H17: =SUM(I8:I16) -> 0 | J17: =SUM(K8:K16) -> 0 | L17: =SUM(M8:M16) -> 0 | N17: =SUM(O8:O16) -> 0 | P17: =SUM(Q8:Q16) -> 0 | R17: =SUM(S8:S16) -> 0 | T17: =SUM(U8:U16) -> 0 | V17: =SUM(W8:W16) -> 0 | X17: =SUM(Y8:Y16) -> 0 | Z17: =SUM(AA8:AA16) -> 0 | AB17: =SUM(AC8:AC16) -> 0 | AD17: =SUM(AE8:AE16) -> 0 | AF17: =SUM(AG8:AG16) -> 0 | AH17: =SUM(AI8:AI16) -> 0 | AJ17: =SUM(AK8:AK16) -> 0 | AL17: =SUM(AM8:AM16) -> 0 | AN17: =SUM(AO8:AO16) -> 0 | AP17: =SUM(AQ8:AQ16) -> 0 | AR17: =SUM(AS8:AS16) -> 0 | AT17: =SUM(AU8:AU16) -> 0 | AV17: =SUM(AW8:AW16) -> 0 | AX17: =SUM(AY8:AY16) -> 0 | AZ17: =(BA17/C17)*100 -> #DIV/0! | BA17: =SUM(BA8:BA16) -> 0

Sheet BDI Principal
A1: Prefeitura Municipal de Jaraguá do Sul - SC
A2: Orcamento de obra - REDE COLETORA DE ESGOTO - BAIRRO TRÊS RIOS DO NORTE
A3: Data: | B3: =DADOS!C3 -> 16/09/2024
A4: Empresa: | B4: =DADOS!C7 -> 0 | G4: Telefone: | H4: =DADOS!C9
A5: CNPJ: | B5: =DADOS!C8 | D5: Cidade: | E5: =DADOS!C13 -> 0 | H5: UF: | I5: =DADOS!C14 -> 0
A7: Item | B7: 1º quartil | C7: 3º quartil | D7: Proposto | E7: Identificação
A8: AC | B8: 3.43 | C8: 6.71 | D8: 4.93 | E8: Administração Central | J8: =D8/100 -> 0.0493
A9: S+G | B9: 0.28 | C9: 0.75 | D9: 0.49 | E9: Seguro e Garantia | J9: =D9/100 -> 0.0049
A10: R | B10: 1 | C10: 1.74 | D10: 1.39 | E10: Risco | J10: =D10/100 -> 0.0139
A11: DF | B11: 0.94 | C11: 1.17 | D11: 0.99 | E11: Despesas Financeiras | J11: =D11/100 -> 0.0099
A12: L | B12: 6.74 | C12: 9.4 | D12: 8.04 | E12: Lucro | J12: =D12/100 -> 0.0804
A13: I* | B13: 5.65 | C13: 10.65 | D13: =I15+I18+I19 -> 5.65 | E13: Tributos * | J13: =D13/100 -> 0.0565
C14: Total | D14: =ROUND(((((1+J8+J9+J10)*(1+J11)*(1+J12)/(1-J15-J18))-1)*100),2) -> 23.52
F15: PIS e COFINS | I15: 3.65 | J15: =I15/100 -> 0.0365
F16: Alíquota ISS | I16: 2 | J16: =I16/100 -> 0.02
F17: Base de cálculo | I17: 100
F18: ISS Aplicável | I18: =((I17*I16)/100) -> 2 | J18: =I18/100 -> 0.02
F19: Cont. Prev. s/Rec.Bruta | I19: 0
E29: =DADOS!C11 -> 0
E30: =DADOS!C12 -> 0

Sheet BDI Diferenciado
A1: Prefeitura Municipal de Jaraguá do Sul - SC
A2: Orcamento de obra - REDE COLETORA DE ESGOTO - BAIRRO TRÊS RIOS DO NORTE
A3: Data: | B3: =DADOS!C3 -> 16/09/2024
A4: Empresa: | B4: =DADOS!C7 -> 0 | G4: Telefone: | H4: =DADOS!C9
A5: CNPJ: | B5: =DADOS!C8 | D5: Cidade: | E5: =DADOS!C13 -> 0 | H5: UF: | I5: =DADOS!C14 -> 0
A7: Item | B7: 1º quartil | C7: 3º quartil | D7: Proposto | E7: Identificação
A8: AC | B8: 1.5 | C8: 4.49 | D8: 3.45 | E8: Administração Central | J8: =D8/100 -> 0.0345
A9: S+G | B9: 0.3 | C9: 0.82 | D9: 0.48 | E9: Seguro e Garantia | J9: =D9/100 -> 0.0048
A10: R | B10: 0.56 | C10: 0.89 | D10: 0.85 | E10: Risco | J10: =D10/100 -> 0.0085
A11: DF | B11: 0.85 | C11: 1.11 | D11: 0.85 | E11: Despesas Financeiras | J11: =D11/100 -> 0.0085
A12: L | B12: 3.5 | C12: 6.22 | D12: 5.11 | E12: Lucro | J12: =D12/100 -> 0.0511
A13: I* | B13: 5.65 | C13: 10.65 | D13: =I15+I16 -> 3.65 | E13: Tributos * | J13: =D13/100 -> 0.0365
C14: Total | D14: =ROUND(((((1+J8+J9+J10)*(1+J11)*(1+J12)/(1-J13))-1)*100),2) -> 15.28
F15: PIS e COFINS | I15: 3.65 | J15: =I15/100 -> 0.0365
F16: Cont. Prev. s/Rec.Bruta | I16: 0
E26: =DADOS!C11 -> 0
E27: =DADOS!C12 -> 0

Sheet BDI (Fator K e TRDE)
A1: Prefeitura Municipal de Jaraguá do Sul - SC
A2: Orcamento de obra - REDE COLETORA DE ESGOTO - BAIRRO TRÊS RIOS DO NORTE
A3: Data: | B3: =DADOS!C3 -> 16/09/2024
A4: Empresa: | B4: =DADOS!C7 -> 0 | G4: Telefone: | H4: =DADOS!C9
A5: CNPJ: | B5: =DADOS!C8 | D5: Cidade: | E5: =DADOS!C13 -> 0 | H5: UF: | I5: =DADOS!C14 -> 0
A8: K1= | B8: 1.1428 | C8: Encargos sociais incidentes sobre a mão de obra
A9: k2= | B9: 0.2 | C9: Administração central (overhead)
A10: k3= | B10: 0.12 | C10: Margem bruta
A11: k4= | B11: 0 | C11: Impostos (PIS + COFINS + ISS)
A12: K | B12: =(((1+B8+B9)*(1+B10))/(1-B11)) -> 2.623936 | C12: {[(1+k1+k2)(1+k3)]/(1-k4)}
A13: TRDE | B13: =((1+B10)/(1-B11)) -> 1.12 | C13: [(1+k3)/(1-k4)]
E23: =DADOS!C11 -> 0
E24: =DADOS!C12 -> 0

Sheet Material e Serviços
A1: Prefeitura Municipal de Jaraguá do Sul - SC
A2: Orcamento de obra - REDE COLETORA DE ESGOTO - BAIRRO TRÊS RIOS DO NORTE
A3: Data: | B3: =DADOS!C3 -> 16/09/2024
A4: Empresa: | B4: =DADOS!C7 -> 0 | G4: Telefone: | H4: =DADOS!C9
A5: CNPJ: | B5: =DADOS!C8 | D5: Cidade: | E5: =DADOS!C13 -> 0 | H5: UF: | I5: =DADOS!C14 -> 0
A7: Item | B7: Descrição dos itens | C7: U.M. | D7: Qtde. | E7: Preço Un. R$ | F7: Material R$ | G7: Serviço R$ | H7: Total Material R$ | I7: Total Serviço R$ | J7: Total R$
A8: 1 | B8: CANTEIRO DE OBRAS | H8: =SUM(H9:H18) -> 0 | I8: =SUM(I9:I18) -> 0 | J8: =SUM(J9:J18) -> 0 | K8: Etapa
A9: 1.1 | B9: EXECUÇÃO DE ESCRITÓRIO EM CANTEIRO DE OBRA EM CHAPA DE MADEIRA COMPENSADA, NÃO INCLUSO MOBILIÁRIO E EQUIPAMENTOS. AF_02/2016 | C9: M2 | D9: 30 | E9: =Orçamento!J9 -> 0 | G9: =E9-F9 -> 0 | H9: =F9*D9 -> 0 | I9: =G9*D9 -> 0 | J9: =Orçamento!K9 -> 0
A10: 1.2 | B10: EXECUÇÃO DE ALMOXARIFADO EM CANTEIRO DE OBRA EM CHAPA DE MADEIRA COMPENSADA, INCLUSO PRATELEIRAS. AF_02/2016 | C10: M2 | D10: 50 | E10: =Orçamento!J10 -> 0 | G10: =E10-F10 -> 0 | H10: =F10*D10 -> 0 | I10: =G10*D10 -> 0 | J10: =Orçamento!K10 -> 0
A11: 1.3 | B11: EXECUÇÃO DE REFEITÓRIO EM CANTEIRO DE OBRA EM CHAPA DE MADEIRA COMPENSADA, NÃO INCLUSO MOBILIÁRIO E EQUIPAMENTOS. AF_02/2016 | C11: M2 | D11: 36 | E11: =Orçamento!J11 -> 0 | G11: =E11-F11 -> 0 | H11: =F11*D11 -> 0 | I11: =G11*D11 -> 0 | J11: =Orçamento!K11 -> 0
A12: 1.4 | B12: ALOJAMENTO | C12: M² | D12: 150 | E12: =Orçamento!J12 -> 0 | G12: =E12-F12 -> 0 | H12: =F12*D12 -> 0 | I12: =G12*D12 -> 0 | J12: =Orçamento!K12 -> 0
A13: 1.5 | B13: EXECUÇÃO DE SANITÁRIO E VESTIÁRIO EM CANTEIRO DE OBRA EM CHAPA DE MADEIRA COMPENSADA, NÃO INCLUSO MOBILIÁRIO. AF_02/2016 | C13: M2 | D13: 9 | E13: =Orçamento!J13 -> 0 | G13: =E13-F13 -> 0 | H13: =F13*D13 -> 0 | I13: =G13*D13 -> 0 | J13: =Orçamento!K13 -> 0
A14: 1.6 | B14: PLACA DE OBRA (PARA CONSTRUCAO CIVIL) EM CHAPA GALVANIZADA *N. 22*, ADESIVADA, DE *2,4 X 1,2* M (SEM POSTES PARA FIXACAO) | C14: M2 | D14: 4 | E14: =Orçamento!J14 -> 0 | G14: =E14-F14 -> 0 | H14: =F14*D14 -> 0 | I14: =G14*D14 -> 0 | J14: =Orçamento!K14 -> 0
A15: 1.7 | B15: TAPUME COM COMPENSADO DE MADEIRA. AF_05/2018 | C15: M2 | D15: 120 | E15: =Orçamento!J15 -> 0 | G15: =E15-F15 -> 0 | H15: =F15*D15 -> 0 | I15: =G15*D15 -> 0 | J15: =Orçamento!K15 -> 0
A16: 1.8 | B16: INSTALAÇÃO/LIGAÇÃO PROVISÓRIA ELÉTRICA BAIXA TENSÃO PARA CANTEIRO DE OBRA, AÉREA TRIFÁSICA, COM CAIXA DE SOBREPOR, CABO DE 16 MM² E DISJUNTOS 50A, INCLUSIVE POSTE | C16: UN | D16: 1 | E16: =Orçamento!J16 -> 0 | G16: =E16-F16 -> 0 | H16: =F16*D16 -> 0 | I16: =G16*D16 -> 0 | J16: =Orçamento!K16 -> 0
A17: 1.9 | B17: INSTALAÇÃO/LIGAÇÃO PROVISÓRIA DE ÁGUA FRIA E SANITÁRIA | C17: UN | D17: 1 | E17: =Orçamento!J17 -> 0 | G17: =E17-F17 -> 0 | H17: =F17*D17 -> 0 | I17: =G17*D17 -> 0 | J17: =Orçamento!K17 -> 0
A18: 1.10 | B18: LOCAÇÃO DE BANHEIRO QUIMICO, INCLUSO 2 LIMPEZAS SEMANAIS, ENTREGA E RETIRADA. | C18: MÊS | D18: 48 | E18: =Orçamento!J18 -> 0 | G18: =E18-F18 -> 0 | H18: =F18*D18 -> 0 | I18: =G18*D18 -> 0 | J18: =Orçamento!K18 -> 0
A19: 2 | B19: ADMINISTRAÇÃO LOCAL | H19: =SUM(H20:H23) -> 0 | I19: =SUM(I20:I23) -> 0 | J19: =SUM(J20:J23) -> 0 | K19: Etapa
A20: 2.1 | B20: ENGENHEIRO CIVIL DE OBRA JUNIOR COM ENCARGOS COMPLEMENTARES | C20: MES | D20: 24 | E20: =Orçamento!J20 -> 0 | G20: =E20-F20 -> 0 | H20: =F20*D20 -> 0 | I20: =G20*D20 -> 0 | J20: =Orçamento!K20 -> 0
A21: 2.2 | B21: ENCARREGADO GERAL DE OBRAS COM ENCARGOS COMPLEMENTARES | C21: MES | D21: 24 | E21: =Orçamento!J21 -> 0 | G21: =E21-F21 -> 0 | H21: =F21*D21 -> 0 | I21: =G21*D21 -> 0 | J21: =Orçamento!K21 -> 0
A22: 2.3 | B22: ALMOXARIFE COM ENCARGOS COMPLEMENTARES | C22: MES | D22: 24 | E22: =Orçamento!J22 -> 0 | G22: =E22-F22 -> 0 | H22: =F22*D22 -> 0 | I22: =G22*D22 -> 0 | J22: =Orçamento!K22 -> 0
A23: 2.4 | B23: TÉCNICO EM SEGURANÇA DO TRABALHO COM ENCARGOS COMPLEMENTARES | C23: MES | D23: 24 | E23: =Orçamento!J23 -> 0 | G23: =E23-F23 -> 0 | H23: =F23*D23 -> 0 | I23: =G23*D23 -> 0 | J23: =Orçamento!K23 -> 0
A24: 3 | B24: DETALHAMENTO PROJETO EXECUTIVO E PLANO DE TRABALHO | H24: =SUM(H25:H25) -> 0 | I24: =SUM(I25:I25) -> 0 | J24: =SUM(J25:J25) -> 0 | K24: Etapa
A25: 3.1 | B25: DETALHAMENTO DO PROJETO EXECUTIVO DA REDE COLETORA DE ESGOTO, REDES AUXILIARES, REDE DE RECALQUE, DETALHAMENTOS EXECUTIVOS DOS POÇOS DE VISITA, TAMPAS, POÇOS DE RECALQUE, E DEMAIS ELEMENTOS CONSTRUTIVOS | C25: M | D25: 33118.17 | E25: =Orçamento!J25 -> 0 | G25: =E25-F25 -> 0 | H25: =F25*D25 -> 0 | I25: =G25*D25 -> 0 | J25: =Orçamento!K25 -> 0
A26: 4 | B26: LIMPEZA, CONSERVAÇÃO, SINALIZAÇÃO E TESTE GERAL DE ESTANQUEIDADE | H26: =SUM(H27:H29) -> 0 | I26: =SUM(I27:I29) -> 0 | J26: =SUM(J27:J29) -> 0 | K26: Etapa
A27: 4.1 | B27: LIMPEZA E CONSERVAÇÃO DA VIA AO LONGO DA REALIZAÇÃO DA OBRA - UTILIZAÇÃO DE CAMINHÃO PIPA E MINICARREGADEIRA COM VASSOURA ACOPLADA | C27: M | D27: 33118.17 | E27: =Orçamento!J27 -> 0 | G27: =E27-F27 -> 0 | H27: =F27*D27 -> 0 | I27: =G27*D27 -> 0 | J27: =Orçamento!K27 -> 0
A28: 4.2 | B28: LIMPEZA DE VALA COM CAMINHÃO HIDROVÁCUO | C28: M | D28: 2000 | E28: =Orçamento!J28 -> 0 | G28: =E28-F28 -> 0 | H28: =F28*D28 -> 0 | I28: =G28*D28 -> 0 | J28: =Orçamento!K28 -> 0
A29: 4.3 | B29: TESTE DE ESTANQUEIDADE DA TOTALIDADE DA REDE APÓS FINALIZAÇÃO DA OBRA | C29: UN | D29: 1 | E29: =Orçamento!J29 -> 0 | G29: =E29-F29 -> 0 | H29: =F29*D29 -> 0 | I29: =G29*D29 -> 0 | J29: =Orçamento!K29 -> 0
A30: 5 | B30: OBRAS CIVIL | K30: Etapa
A31: 5.1 | B31: REDE COLETORA | K31: Etapa
A32: 5.1.1 | B32: LOCAÇÃO E CADASTRO | H32: =SUM(H33:H34) -> 0 | I32: =SUM(I33:I34) -> 0 | J32: =SUM(J33:J34) -> 0 | K32: Etapa
A33: 5.1.1.1 | B33: CADASTRO DE REDE DE ESGOTO/EMISSÁRIO/DRENAGEM | C33: M | D33: 33118.17 | E33: =Orçamento!J33 -> 0 | G33: =E33-F33 -> 0 | H33: =F33*D33 -> 0 | I33: =G33*D33 -> 0 | J33: =Orçamento!K33 -> 0
A34: 5.1.1.2 | B34: LOCAÇÃO DE REDE DE ÁGUA OU ESGOTO. AF_10/2018 | C34: M | D34: 33118.17 | E34: =Orçamento!J34 -> 0 | G34: =E34-F34 -> 0 | H34: =F34*D34 -> 0 | I34: =G34*D34 -> 0 | J34: =Orçamento!K34 -> 0
A35: 5.1.2 | B35: TRÂNSITO E SEGURANÇA | H35: =SUM(H36:H40) -> 0 | I35: =SUM(I36:I40) -> 0 | J35: =SUM(J36:J40) -> 0 | K35: Etapa
A36: 5.1.2.1 | B36: SINALIZAÇÃO DE TRÂNSITO NOTURNA | C36: M | D36: 2180 | E36: =Orçamento!J36 -> 0 | G36: =E36-F36 -> 0 | H36: =F36*D36 -> 0 | I36: =G36*D36 -> 0 | J36: =Orçamento!K36 -> 0
A37: 5.1.2.2 | B37: CERCA COM TELA TAPUME | C37: M | D37: 2180 | E37: =Orçamento!J37 -> 0 | G37: =E37-F37 -> 0 | H37: =F37*D37 -> 0 | I37: =G37*D37 -> 0 | J37: =Orçamento!K37 -> 0
A38: 5.1.2.3 | B38: SINALIZAÇÃO DE TRÂNSITO, COM PLACAS | C38: M² | D38: 217 | E38: =Orçamento!J38 -> 0 | G38: =E38-F38 -> 0 | H38: =F38*D38 -> 0 | I38: =G38*D38 -> 0 | J38: =Orçamento!K38 -> 0
A39: 5.1.2.4 | B39: PASSADIÇOS COM CHAPAS DE AÇO | C39: M² | D39: 45 | E39: =Orçamento!J39 -> 0 | G39: =E39-F39 -> 0 | H39: =F39*D39 -> 0 | I39: =G39*D39 -> 0 | J39: =Orçamento!K39 -> 0
A40: 5.1.2.5 | B40: FITA ADESIVA ANTICORROSIVA DE PVC FLEXIVEL, COR PRETA, PARA PROTECAO TUBULACAO, 50 MM X 30 M (L X C), E= *0,25* MM | C40: M | D40: 5499.8 | E40: =Orçamento!J40 -> 0 | G40: =E40-F40 -> 0 | H40: =F40*D40 -> 0 | I40: =G40*D40 -> 0 | J40: =Orçamento!K40 -> 0
A41: 5.1.3 | B41: MOVIMENTO DE TERRA | H41: =SUM(H42:H54) -> 0 | I41: =SUM(I42:I54) -> 0 | J41: =SUM(J42:J54) -> 0 | K41: Etapa
A42: 5.1.3.1 | B42: ESCAVAÇÃO MECANIZADA DE VALAS, POÇOS E CAVAS EM SOLO NÃO ROCHOSO, COM PROFUND. DE 0,00 A 4,00 M | C42: M³ | D42: 31703.26 | E42: =Orçamento!J42 -> 0 | G42: =E42-F42 -> 0 | H42: =F42*D42 -> 0 | I42: =G42*D42 -> 0 | J42: =Orçamento!K42 -> 0
A43: 5.1.3.2 | B43: ESCAVAÇÃO DE ROCHA COMPACTA A FRIO, EM VALAS, POÇOS E CAVAS | C43: M³ | D43: 155.25 | E43: =Orçamento!J43 -> 0 | G43: =E43-F43 -> 0 | H43: =F43*D43 -> 0 | I43: =G43*D43 -> 0 | J43: =Orçamento!K43 -> 0
A44: 5.1.3.3 | B44: ESCAVAÇÃO EM ROCHA BRANDA A FRIO, EM VALAS, POÇOS E CAVAS | C44: M³ | D44: 485.42 | E44: =Orçamento!J44 -> 0 | G44: =E44-F44 -> 0 | H44: =F44*D44 -> 0 | I44: =G44*D44 -> 0 | J44: =Orçamento!K44 -> 0
A45: 5.1.3.4 | B45: ESCAVAÇÃO MANUAL DE ÁREAS, VALAS, POÇOS E CAVAS EM SOLO NÃO ROCHOSO, COM PROFUND. ATÉ 1,25 M | C45: M³ | D45: 952.78 | E45: =Orçamento!J45 -> 0 | G45: =E45-F45 -> 0 | H45: =F45*D45 -> 0 | I45: =G45*D45 -> 0 | J45: =Orçamento!K45 -> 0
A46: 5.1.3.5 | B46: ATERRO/REATERRO DE VALAS, POÇOS E CAVAS COMPACTADO MECANICAMENTE, SEM CONTROLE DO G.C. | C46: M³ | D46: 36190.49 | E46: =Orçamento!J46 -> 0 | G46: =E46-F46 -> 0 | H46: =F46*D46 -> 0 | I46: =G46*D46 -> 0 | J46: =Orçamento!K46 -> 0
A47: 5.1.3.6 | B47: AREIA MÉDIA, INCLUSO FORNECIMENTO | C47: TON | D47: 16413.04 | E47: =Orçamento!J47 -> 0 | G47: =E47-F47 -> 0 | H47: =F47*D47 -> 0 | I47: =G47*D47 -> 0 | J47: =Orçamento!K47 -> 0
A48: 5.1.3.7 | B48: SEIXO ROLADO PARA REATERRO DE VALAS - INCLUSO FORNECIMENTO | C48: TON | D48: 39147.03 | E48: =Orçamento!J48 -> 0 | G48: =E48-F48 -> 0 | H48: =F48*D48 -> 0 | I48: =G48*D48 -> 0 | J48: =Orçamento!K48 -> 0
A49: 5.1.3.8 | B49: CARGA E DESCARGA - SOLO | C49: M³ | D49: 40820.04 | E49: =Orçamento!J49 -> 0 | G49: =E49-F49 -> 0 | H49: =F49*D49 -> 0 | I49: =G49*D49 -> 0 | J49: =Orçamento!K49 -> 0
A50: 5.1.3.9 | B50: CARGA E DESCARGA - ROCHA | C50: M³ | D50: 640.67 | E50: =Orçamento!J50 -> 0 | G50: =E50-F50 -> 0 | H50: =F50*D50 -> 0 | I50: =G50*D50 -> 0 | J50: =Orçamento!K50 -> 0
A51: 5.1.3.10 | B51: TRANSPORTE DE MATERIAL ESCAVADO - SOLO | C51: M³XKM | D51: 408200.42 | E51: =Orçamento!J51 -> 0 | G51: =E51-F51 -> 0 | H51: =F51*D51 -> 0 | I51: =G51*D51 -> 0 | J51: =Orçamento!K51 -> 0
A52: 5.1.3.11 | B52: TRANSPORTE DE MATERIAL ESCAVADO - ROCHA | C52: M³XKM | D52: 6406.7 | E52: =Orçamento!J52 -> 0 | G52: =E52-F52 -> 0 | H52: =F52*D52 -> 0 | I52: =G52*D52 -> 0 | J52: =Orçamento!K52 -> 0
A53: 5.1.3.12 | B53: ESGOTAMENTO DE VALA COM BOMBA SUBMERSÍVEL. AF_12/2022 | C53: H | D53: 951.1 | E53: =Orçamento!J53 -> 0 | G53: =E53-F53 -> 0 | H53: =F53*D53 -> 0 | I53: =G53*D53 -> 0 | J53: =Orçamento!K53 -> 0
A54: 5.1.3.13 | B54: DESTINAÇÃO DE RESÍDUO DE CONSTRUÇÃO CIVIL CLASSE II B | C54: M3 | D54: 41460.71 | E54: =Orçamento!J54 -> 0 | G54: =E54-F54 -> 0 | H54: =F54*D54 -> 0 | I54: =G54*D54 -> 0 | J54: =Orçamento!K54 -> 0
A55: 5.1.4 | B55: ESCORAMENTO | H55: =SUM(H56:H57) -> 0 | I55: =SUM(I56:I57) -> 0 | J55: =SUM(J56:J57) -> 0 | K55: Etapa
A56: 5.1.4.1 | B56: ESCORAMENTO COM BLINDADO LEVE | C56: M² | D56: 65508.43 | E56: =Orçamento!J56 -> 0 | G56: =E56-F56 -> 0 | H56: =F56*D56 -> 0 | I56: =G56*D56 -> 0 | J56: =Orçamento!K56 -> 0
A57: 5.1.4.2 | B57: ESCORAMENTO COM BLINDADO PESADO | C57: M² | D57: 20836.27 | E57: =Orçamento!J57 -> 0 | G57: =E57-F57 -> 0 | H57: =F57*D57 -> 0 | I57: =G57*D57 -> 0 | J57: =Orçamento!K57 -> 0
A58: 5.1.5 | B58: POÇOS DE VISITA | H58: =SUM(H59:H65) -> 0 | I58: =SUM(I59:I65) -> 0 | J58: =SUM(J59:J65) -> 0 | K58: Etapa
A59: 5.1.5.1 | B59: TERMINAL DE LIMPEZA TL DN150 - FORNECIMENTO E INSTALAÇÃO | C59: UN | D59: 83 | E59: =Orçamento!J59 -> 0 | G59: =E59-F59 -> 0 | H59: =F59*D59 -> 0 | I59: =G59*D59 -> 0 | J59: =Orçamento!K59 -> 0
A60: 5.1.5.2 | B60: TIL DE PASSAGEM PARA REDE DE ESGOTO DN150 - FORNECIMENTO E INSTALAÇÃO | C60: UN | D60: 259 | E60: =Orçamento!J60 -> 0 | G60: =E60-F60 -> 0 | H60: =F60*D60 -> 0 | I60: =G60*D60 -> 0 | J60: =Orçamento!K60 -> 0
A61: 5.1.5.3 | B61: POÇO DE VISITA (BASE EM TUBO), DN 1000 MM ATÉ 1.00M - TIPO 3 | C61: UN | D61: 234 | E61: =Orçamento!J61 -> 0 | G61: =E61-F61 -> 0 | H61: =F61*D61 -> 0 | I61: =G61*D61 -> 0 | J61: =Orçamento!K61 -> 0
A62: 5.1.5.4 | B62: ACRÉSCIMO DE CÂMARA (BALÃO) EM POÇO DE VISITA EM ANÉIS DE CONCRETO PB, DN 1000 MM | C62: M | D62: 167.37 | E62: =Orçamento!J62 -> 0 | G62: =E62-F62 -> 0 | H62: =F62*D62 -> 0 | I62: =G62*D62 -> 0 | J62: =Orçamento!K62 -> 0
A63: 5.1.5.5 | B63: TUBO COLETOR DE ESGOTO PVC, JEI, DN 200 MM (NBR 7362) | C63: M | D63: 49.9 | E63: =Orçamento!J63 -> 0 | G63: =E63-F63 -> 0 | H63: =F63*D63 -> 0 | I63: =G63*D63 -> 0 | J63: =Orçamento!K63 -> 0
A64: 5.1.5.6 | B64: ASSENTAMENTO DE TAMPÃO DE FERRO FUNDIDO 600 MM | C64: UN | D64: 234 | E64: =Orçamento!J64 -> 0 | G64: =E64-F64 -> 0 | H64: =F64*D64 -> 0 | I64: =G64*D64 -> 0 | J64: =Orçamento!K64 -> 0
A65: 5.1.5.7 | B65: LAJE DE CONCRETO PARA PVS CONFORME PADRÃO SAMAE - FORNECIMENTO E INSTALAÇÃO (INCLUSO TAMPÃO) | C65: UN | D65: 234 | E65: =Orçamento!J65 -> 0 | G65: =E65-F65 -> 0 | H65: =F65*D65 -> 0 | I65: =G65*D65 -> 0 | J65: =Orçamento!K65 -> 0
A66: 5.1.6 | B66: ASSENTAMENTO DE TUBOS E CONEXÕES EM PVC, JUNTA ELÁSTICA - INCLUSIVE LIMPEZA E TESTE | H66: =SUM(H67:H68) -> 0 | I66: =SUM(I67:I68) -> 0 | J66: =SUM(J67:J68) -> 0 | K66: Etapa
A67: 5.1.6.1 | B67: ASSENTAMENTO DE TUBOS E CONEXÕES EM PVC, RPVC, PVC DEFºFº, PRFV, J.E., DN 150 MM | C67: M | D67: 22587.94 | E67: =Orçamento!J67 -> 0 | G67: =E67-F67 -> 0 | H67: =F67*D67 -> 0 | I67: =G67*D67 -> 0 | J67: =Orçamento!K67 -> 0
A68: 5.1.6.2 | B68: ASSENTAMENTO DE TUBOS E CONEXÕES EM PVC, RPVC, PVC DEFºFº, PRFV, J.E., DN 250 MM | C68: M | D68: 5030.43 | E68: =Orçamento!J68 -> 0 | G68: =E68-F68 -> 0 | H68: =F68*D68 -> 0 | I68: =G68*D68 -> 0 | J68: =Orçamento!K68 -> 0
A69: 5.1.7 | B69: LIGAÇÕES PREDIAIS | H69: =SUM(H70:H74) -> 0 | I69: =SUM(I70:I74) -> 0 | J69: =SUM(J70:J74) -> 0 | K69: Etapa
A70: 5.1.7.1 | B70: CADASTRO DE LIGAÇÕES | C70: UN | D70: 430 | E70: =Orçamento!J70 -> 0 | G70: =E70-F70 -> 0 | H70: =F70*D70 -> 0 | I70: =G70*D70 -> 0 | J70: =Orçamento!K70 -> 0
A71: 5.1.7.2 | B71: RAMAL PREDIAL DE ESGOTO EM PVC, DN 100 MM | C71: M | D71: 645 | E71: =Orçamento!J71 -> 0 | G71: =E71-F71 -> 0 | H71: =F71*D71 -> 0 | I71: =G71*D71 -> 0 | J71: =Orçamento!K71 -> 0
A72: 5.1.7.3 | B72: CONEXÃO DO RAMAL A REDE DE ESGOTO, EM PVC, DIAM. 100 MM | C72: UN | D72: 430 | E72: =Orçamento!J72 -> 0 | G72: =E72-F72 -> 0 | H72: =F72*D72 -> 0 | I72: =G72*D72 -> 0 | J72: =Orçamento!K72 -> 0
A73: 5.1.7.4 | B73: TIL DE LIGAÇÃO PREDIAL COM TODOS OS COMPONENTES DN150X100 - FORNECIMENTO E INSTALAÇÃO | C73: UN | D73: 430 | E73: =Orçamento!J73 -> 0 | G73: =E73-F73 -> 0 | H73: =F73*D73 -> 0 | I73: =G73*D73 -> 0 | J73: =Orçamento!K73 -> 0
A74: 5.1.7.5 | B74: INTERLIGAÇÃO COM REDE DE PVC, DIÂMETRO 250 MM | C74: UN | D74: 56 | E74: =Orçamento!J74 -> 0 | G74: =E74-F74 -> 0 | H74: =F74*D74 -> 0 | I74: =G74*D74 -> 0 | J74: =Orçamento!K74 -> 0
A75: 5.1.8 | B75: REMOÇAO E RECOMPOSIÇÃO DE PAVIMENTO | H75: =SUM(H76:H95) -> 0 | I75: =SUM(I76:I95) -> 0 | J75: =SUM(J76:J95) -> 0 | K75: Etapa
A76: 5.1.8.1 | B76: REMOÇÃO DE PAVIMENTAÇÃO ASFALTICA | C76: M² | D76: 10587.94 | E76: =Orçamento!J76 -> 0 | G76: =E76-F76 -> 0 | H76: =F76*D76 -> 0 | I76: =G76*D76 -> 0 | J76: =Orçamento!K76 -> 0
A77: 5.1.8.2 | B77: EXECUÇÃO E COMPACTAÇÃO DE BASE E OU SUB BASE PARA PAVIMENTAÇÃO DE BRITA GRADUADA SIMPLES - EXCLUSIVE CARGA E TRANSPORTE. AF_11/2019 | C77: M3 | D77: 2487.09 | E77: =Orçamento!J77 -> 0 | G77: =E77-F77 -> 0 | H77: =F77*D77 -> 0 | I77: =G77*D77 -> 0 | J77: =Orçamento!K77 -> 0
A78: 5.1.8.3 | B78: FRESAGEM DE PAVIMENTO ASFÁLTICO (PROFUNDIDADE ATÉ 5,0 CM) - EXCLUSIVE TRANSPORTE. AF_11/2019 | C78: M2 | D78: 23508.32 | E78: =Orçamento!J78 -> 0 | G78: =E78-F78 -> 0 | H78: =F78*D78 -> 0 | I78: =G78*D78 -> 0 | J78: =Orçamento!K78 -> 0
A79: 5.1.8.4 | B79: TRANSPORTE COM CAMINHÃO BASCULANTE DE 10 M³, EM VIA URBANA PAVIMENTADA, DMT ATÉ 30 KM (UNIDADE: M3XKM). AF_07/2020 | C79: M3XKM | D79: 259954.08 | E79: =Orçamento!J79 -> 0 | G79: =E79-F79 -> 0 | H79: =F79*D79 -> 0 | I79: =G79*D79 -> 0 | J79: =Orçamento!K79 -> 0
A80: 5.1.8.5 | B80: EXECUÇÃO DE IMPRIMAÇÃO LIGANTE | C80: M² | D80: 34096.25 | E80: =Orçamento!J80 -> 0 | G80: =E80-F80 -> 0 | H80: =F80*D80 -> 0 | I80: =G80*D80 -> 0 | J80: =Orçamento!K80 -> 0
A81: 5.1.8.6 | B81: EXECUÇÃO DE PAVIMENTO COM APLICAÇÃO DE CONCRETO ASFÁLTICO, CAMADA DE ROLAMENTO - EXCLUSIVE CARGA E TRANSPORTE. AF_11/2019 | C81: M3 | D81: 917.01 | E81: =Orçamento!J81 -> 0 | G81: =E81-F81 -> 0 | H81: =F81*D81 -> 0 | I81: =G81*D81 -> 0 | J81: =Orçamento!K81 -> 0
A82: 5.1.8.7 | B82: TRANSPORTE DE CONCRETO ASFÁLTICO USINADO À QUENTE - CAUQ | C82: TXKM | D82: 44016.39 | E82: =Orçamento!J82 -> 0 | G82: =E82-F82 -> 0 | H82: =F82*D82 -> 0 | I82: =G82*D82 -> 0 | J82: =Orçamento!K82 -> 0
A83: 5.1.8.8 | B83: REMOÇÃO DE MEIO-FIO | C83: M | D83: 3950 | E83: =Orçamento!J83 -> 0 | G83: =E83-F83 -> 0 | H83: =F83*D83 -> 0 | I83: =G83*D83 -> 0 | J83: =Orçamento!K83 -> 0
A84: 5.1.8.9 | B84: REPOSIÇÃO DE MEIO-FIO | C84: M | D84: 3950 | E84: =Orçamento!J84 -> 0 | G84: =E84-F84 -> 0 | H84: =F84*D84 -> 0 | I84: =G84*D84 -> 0 | J84: =Orçamento!K84 -> 0
A85: 5.1.8.10 | B85: CORTE DE CONCRETO COM ESPESSURA ATÉ 0,15M | C85: M | D85: 4400 | E85: =Orçamento!J85 -> 0 | G85: =E85-F85 -> 0 | H85: =F85*D85 -> 0 | I85: =G85*D85 -> 0 | J85: =Orçamento!K85 -> 0
A86: 5.1.8.11 | B86: REMOÇÃO DE PASSEIO CIMENTADO | C86: M² | D86: 3520 | E86: =Orçamento!J86 -> 0 | G86: =E86-F86 -> 0 | H86: =F86*D86 -> 0 | I86: =G86*D86 -> 0 | J86: =Orçamento!K86 -> 0
A87: 5.1.8.12 | B87: REPOSIÇÃO DE PASSEIO CIMENTADO | C87: M² | D87: 3520 | E87: =Orçamento!J87 -> 0 | G87: =E87-F87 -> 0 | H87: =F87*D87 -> 0 | I87: =G87*D87 -> 0 | J87: =Orçamento!K87 -> 0
... A95: 5.1.8.20 | B95: FORNECIMENTO DE PEDRA PORTUGUESA (PETIT-PAVET) | C95: M² | D95: 16 | E95: =Orçamento!J95 -> 0 | G95: =E95-F95 -> 0 | H95: =F95*D95 -> 0 | I95: =G95*D95 -> 0 | J95: =Orçamento!K95 -> 0
A96: 5.1.9 | B96: REMOÇAO E RECOMPOSIÇÃO DE TUBULAÇÃO DE DRENAGEM | H96: =SUM(H97:H101) -> 0 | I96: =SUM(I97:I101) -> 0 | J96: =SUM(J97:J101) -> 0 | K96: Etapa
A97: 5.1.9.1 | B97: ASSENTAMENTO DE TUBO DE CONCRETO PARA REDES COLETORAS DE ÁGUAS PLUVIAIS, DIÂMETRO DE 300 MM, JUNTA RÍGIDA, INSTALADO EM LOCAL COM ALTO NÍVEL DE INTERFERÊNCIAS (NÃO INCLUI FORNECIMENTO). AF_12/2015 | C97: M | D97: 217 | E97: =Orçamento!J97 -> 0 | G97: =E97-F97 -> 0 | H97: =F97*D97 -> 0 | I97: =G97*D97 -> 0 | J97: =Orçamento!K97 -> 0
A98: 5.1.9.2 | B98: TUBO DE CONCRETO SIMPLES PARA AGUAS PLUVIAIS, CLASSE PS1, COM ENCAIXE MACHO E FEMEA, DIAMETRO NOMINAL DE 300 MM | C98: M | D98: 217 | E98: =Orçamento!J98 -> 0 | G98: =E98-F98 -> 0 | H98: =F98*D98 -> 0 | I98: =G98*D98 -> 0 | J98: =Orçamento!K98 -> 0
A99: 5.1.9.3 | B99: ASSENTAMENTO DE TUBO DE CONCRETO PARA REDES COLETORAS DE ÁGUAS PLUVIAIS, DIÂMETRO DE 600 MM, JUNTA RÍGIDA, INSTALADO EM LOCAL COM ALTO NÍVEL DE INTERFERÊNCIAS (NÃO INCLUI FORNECIMENTO). AF_12/2015 | C99: M | D99: 108.5 | E99: =Orçamento!J99 -> 0 | G99: =E99-F99 -> 0 | H99: =F99*D99 -> 0 | I99: =G99*D99 -> 0 | J99: =Orçamento!K99 -> 0
A100: 5.1.9.4 | B100: TUBO DE CONCRETO SIMPLES PARA AGUAS PLUVIAIS, CLASSE PS1, COM ENCAIXE MACHO E FEMEA, DIAMETRO NOMINAL DE 600 MM | C100: M | D100: 108.5 | E100: =Orçamento!J100 -> 0 | G100: =E100-F100 -> 0 | H100: =F100*D100 -> 0 | I100: =G100*D100 -> 0 | J100: =Orçamento!K100 -> 0
A101: 5.1.9.5 | B101: TUBO DE CONCRETO PARA REDES COLETORAS DE ÁGUAS PLUVIAIS, DIÂMETRO DE 1200 MM, JUNTA RÍGIDA, INSTALADO EM LOCAL COM ALTO NÍVEL DE INTERFERÊNCIAS - FORNECIMENTO E ASSENTAMENTO. AF_12/2015 | C101: M | D101: 54.25 | E101: =Orçamento!J101 -> 0 | G101: =E101-F101 -> 0 | H101: =F101*D101 -> 0 | I101: =G101*D101 -> 0 | J101: =Orçamento!K101 -> 0
A102: 5.1.10 | B102: REMOÇÃO E RECOMPOSIÇÃO DE INSTALAÇÕES DE REDES DE SERVIÇOS EM GERAL (ÁGUA, LUZ, TELEFONE, E OUTROS) | H102: =SUM(H103:H104) -> 0 | I102: =SUM(I103:I104) -> 0 | J102: =SUM(J103:J104) -> 0 | K102: Etapa
A103: 5.1.10.1 | B103: REPARO DE VAZAMENTO NO RAMAL, EM VIAS SEM PAVIMENTAÇÃO | C103: UN | D103: 25 | E103: =Orçamento!J103 -> 0 | G103: =E103-F103 -> 0 | H103: =F103*D103 -> 0 | I103: =G103*D103 -> 0 | J103: =Orçamento!K103 -> 0
A104: 5.1.10.2 | B104: REPARO DE VAZAMENTO NO RAMAL, EM VIAS COM PAVIMENTAÇÃO ASFÁLTICA - EXCETO REPAVIMENTAÇÃO | C104: UN | D104: 86 | E104: =Orçamento!J104 -> 0 | G104: =E104-F104 -> 0 | H104: =F104*D104 -> 0 | I104: =G104*D104 -> 0 | J104: =Orçamento!K104 -> 0
A105: 5.1.11 | B105: OBRAS DE TRAVESSIA | H105: =SUM(H106:H109) -> 0 | I105: =SUM(I106:I109) -> 0 | J105: =SUM(J106:J109) -> 0 | K105: Etapa
A106: 5.1.11.1 | B106: ENSECADEIRA COM SACOS DE AREIA, SEM FORNECIMENTO DA AREIA | C106: M³ | D106: 60 | E106: =Orçamento!J106 -> 0 | G106: =E106-F106 -> 0 | H106: =F106*D106 -> 0 | I106: =G106*D106 -> 0 | J106: =Orçamento!K106 -> 0
A107: 5.1.11.2 | B107: ASSENTAMENTO DE TUBOS E CONEXÕES EM F°F°, J.E., DN 250 MM | C107: M | D107: 72 | E107: =Orçamento!J107 -> 0 | G107: =E107-F107 -> 0 | H107: =F107*D107 -> 0 | I107: =G107*D107 -> 0 | J107: =Orçamento!K107 -> 0
A108: 5.1.11.3 | B108: CONJUNTO MOTO-BOMBA | C108: H | D108: 240 | E108: =Orçamento!J108 -> 0 | G108: =E108-F108 -> 0 | H108: =F108*D108 -> 0 | I108: =G108*D108 -> 0 | J108: =Orçamento!K108 -> 0
...

Sheet Repositório
A1: ='BDI Principal'!D14 -> 23.52
A2: ='BDI Diferenciado'!D14 -> 15.28
A3: ='BDI (Fator K e TRDE)'!B12 -> 2.623936
A4: ='BDI (Fator K e TRDE)'!B13 -> 1.12
